Workbook

Sheet CRI
A1: C.R.I. | B1: Rubro/Cuenta
A2: 1 | B2: Impuestos
A3: 11 | B3: Impuestos sobre los ingresos
A4: 12 | B4: Impuestos sobre el patrimonio
A5: 13 | B5: Impuestos sobre la producción, el consumo y las transacciones
A6: 14 | B6: Impuestos al comercio exterior
A7: 15 | B7: Impuestos sobre Nóminas y Asimilables
A8: 16 | B8: Impuestos Ecológicos
A9: 17 | B9: Accesorios
A10: 18 | B10: Otros Impuestos
A11: 19 | B11: Impuestos no comprendidos en las fracciones de la Ley de Ingresos causadas en ejercicios fiscales anteriores pendientes de liquidación o pago
A12: 2 | B12: Cuotas y Aportaciones de Seguridad Social
A13: 21 | B13: Aportaciones para Fondos de Vivienda
... A53: 2 | B53: Endeudamiento externo

Sheet PI
A1: P R E S U P U E S T O D E I N G R E S O S 2 0 1 5 | C1: H. AYUNTAMIENTO DE HUEHUETLAN, S.L.P.
C2: PRESUPUESTO DE INGRESOS PARA EL EJERCICIO FISCAL 2019
A4: MUNICIPIO DE : MMMMMM. S.L.P. | C4: (CIFRAS EN PESOS)
A5: C.R.I. | B5: P.C. | C5: Rubro/Cuenta | D5: Parciales | F5: Presupuesto | G5: %
B6: 4.1.0.0 | C6: Igresos de Gestión | F6: =SUM(F7:F88) -> 2385000 | G6: 3.7681082
A7: 1 | B7: 4.1.1.0 | C7: Impuestos | F7: =SUM(E8:E22) -> 1240000 | G7: 1.5686986
A8: 11 | B8: 4.1.1.1 | C8: Impuestos sobre los Ingresos | E8: =+D9 -> 0 | G8: 0
B9: 4.1.1.1-01 | C9: Impuestos sobre espectáculos públicos | D9: 0 | G9: 0
A10: 12 | B10: 4.1.1.2 | C10: Impuestos sobre el Patrimonio | E10: =+D11+D16+D17 -> 1160000 | G10: 1.5306811
B11: 4.1.1.2-01 | C11: Impuesto Predial | D11: =D12+D13+D14+D15 -> 700000 | G11: 1.188048
B12: 4.1.1.2-01-01 | C12: a) Urbanos y suburbanos habitacionales | D12: 400000 | G12: 0.33265345
B13: 4.1.1.2-01-02 | C13: b) Urbanos y suburbanos destinados a comercio o servicios | D13: 100000 | G13: 0.38017537
B14: 4.1.1.2-01-03 | C14: c) Urbanos o suburbanos destinados a uso industria | D14: 100000 | G14: 0.30889249
B15: 4.1.1.2-01-04 | C15: d) Rústicos | D15: 100000 | G15: 0.16632673
B16: 4.1.1.2-02 | C16: Impuesto de Plusvalía | D16: 0 | G16: 0
B17: 4.1.1.2-03 | C17: Impuesto de Adquisición de Inmuebles y Otros Derechos Reales | D17: 460000 | G17: 0.34263306
A18: 17 | B18: 4.1.1.7 | C18: Accesorios de impuestos | E18: =SUM(D19:D22) -> 80000 | G18: 0.038017537
B19: 4.1.1.7-01 | C19: Recargos | D19: 9000 | G19: 0.004276973
B20: 4.1.1.7-02 | C20: Gastos de Ejecución | D20: 0 | G20: 0
B21: 4.1.1.7-03 | C21: Actualización | D21: 48000 | G21: 0.022810522
B22: 4.1.1.7-04 | C22: Multas | D22: 23000 | G22: 0.010930042
A23: 3 | B23: 4.1.3.0 | C23: Contribuciones de Mejoras | F23: 0 | G23: 0.0095043844
A24: 31 | B24: 4.1.3.1 | C24: Contribución de mejoras por obras públicas | E24: =+D25+D26 -> 0 | G24: 0.0095043844
B25: 4.1.3.1-01 | C25: Aporaciones de Beneficiarios Fism | D25: 0 | G25: 0.0047521922
B26: 4.1.3.1-02 | C26: Aporaciones de Beneficiarios Fortamun-DF | D26: 0 | G26: 0.0047521922
A27: 4 | B27: 4.1.4.0 | C27: Derechos | F27: =SUM(E27:E58) -> 620000 | G27: 2.1788801
A28: 41 | B28: 4.1.4.1 | C28: Derechos por el uso, goce, aprovechamiento o explotación de bienes de dominio público | E28: 0 | G28: 0
B29: 4.1.4.1-01 | C29: Concesiones a particulares de servicios que no le corresponda prestar directamente al Municipio | D29: 0 | G29: 0
A30: 43 | B30: 4.1.4.3 | C30: Derechos por prestación de servicios | E30: =SUM(D31:D50) -> 620000 | G30: 1.7369262
B31: 4.1.4.3-01 | C31: Servicios de Agua Potable, Drenaje y Alcantarillado | D31: 90000 | G31: 0.03659188
B32: 4.1.4.3-02 | C32: Servicios de Aseo Público | D32: 25000 | G32: 0.01188048
B33: 4.1.4.3-03 | C33: Servicios de Panteones | D33: 16000 | G33: 0.016632673
B34: 4.1.4.3-04 | C34: Servicios de Rastro | D34: 0 | G34: 0.050848456
B35: 4.1.4.3-05 | C35: Servicios de Planeación | D35: 20000 | G35: 0.44195387
B36: 4.1.4.3-06 | C36: Servicios de Tránsito y Seguridad | D36: 107000 | G36: 0.060352841
B37: 4.1.4.3-07 | C37: Servicios del Registro Civil | D37: 0 | G37: 0.47616966
B38: 4.1.4.3-08 | C38: Servicios de Salubridad | D38: 0 | G38: 0
B39: 4.1.4.3-09 | C39: Servicios de Ocupación de la Vía Pública | D39: 0 | G39: 0
B40: 4.1.4.3-10 | C40: Servicios de Estacionamiento en la Vía Pública | D40: 25000 | G40: 0.021384865
B41: 4.1.4.3-11 | C41: Servicios de Reparación, Conservación y Mantenimiento de Pavimentos | D41: 0 | G41: 0
B42: 4.1.4.3-12 | C42: Servicios de Licencias de Publicidad y Anuncios | D42: 15000 | G42: 0.038017537
... B50: 4.1.4.3-20 | C50: Servicios de Imagen Urbana y Proyectos Especiales | D50: 0 | G50: 0
A51: 44 | B51: 4.1.4.4 | C51: Otros Derechos | E51: 0 | G51: 0.44195387
B52: 4.1.4.4-01 | C52: Arrendamiento de Inmuebles, Locales y Espacios Físicos | D52: 0 | G52: 0.44195387
A53: 45 | B53: 4.1.4.5 | C53: Accesorios de Derechos | E53: 0 | G53: 0
B54: 4.1.4.5-01 | C54: Recargos | D54: 0 | G54: 0
B55: 4.1.4.5-02 | C55: Gastos de Ejecución | D55: 0 | G55: 0
B56: 4.1.4.5-03 | C56: Actualización | D56: 0 | G56: 0
B57: 4.1.4.5-04 | C57: Multas | D57: 0 | G57: 0
A58: 5 | B58: 4.1.5.0 | C58: Productos | F58: =+E64 -> 25000 | G58: 0.0053224552
A59: 53 | B59: 4.1.5.3 | C59: Accesorios de Productos | E59: 0 | G59: 0
B60: 4.1.5.3-01 | C60: Recargos | D60: 0 | G60: 0
B61: 4.1.5.3-02 | C61: Gastos de Ejecución | D61: 0 | G61: 0
B62: 4.1.5.3-03 | C62: Actualización | D62: 0 | G62: 0
B63: 4.1.5.3-04 | C63: Multas | D63: 0 | G63: 0
A64: 59 | B64: 4.1.5.9 | C64: Otros productos que generan ingresos corrientes | E64: =SUM(D65:D68) -> 25000 | G64: 0.0053224552
B65: 4.1.5.9-01 | C65: Venta de Publicaciones | D65: 0 | G65: 0.00019008769
B66: 4.1.5.9-02 | C66: Enajenación de Bienes Muebles de dominio privado | D66: 0 | G66: 0
B67: 4.1.5.9-03 | C67: Enajenación de Bienes Inmuebles de dominio privado | D67: 0 | G67: 0
A68: 52 | B68: 4.1.5.9-04 | C68: Rendimiento e Intereses de Inversión de Capital | D68: 25000 | G68: 0.0051323676
A69: 6 | B69: 4.1.6.0 | C69: Aprovechamientos | F69: =+E70+E88 -> 500000 | G69: 0.0057026306
A70: 62 | B70: 4.1.6.2 | C70: Multas | E70: =+D71 -> 380000 | G70: 0.0028513153
B71: 4.1.6.2-01 | C71: Multas de Policía y Tránsito | D71: 380000 | G71: 0.0028513153
B72: 4.1.6.2-02 | C72: Multas por Infracciones de Rastro Municipal | D72: 0 | G72: 0
B73: 4.1.6.2-03 | C73: Multas por Infracciones a la Ley Ambiental | D73: 0 | G73: 0
B74: 4.1.6.2-04 | C74: Multas por Infracciones al Registro Público de la Propiedad y de Catastro | D74: 0 | G74: 0
B75: 4.1.6.2-05 | C75: Multas por Infracciones a la Ley de Protección Civil | D75: 0 | G75: 0
B76: 4.1.6.2-06 | C76: Multas por infracciones al reglamento para regular las actividades comerciales del municipio | D76: 0 | G76: 0
B77: 4.1.6.2-07 | C77: Multas de Ecología | D77: 0 | G77: 0
B78: 4.1.6.2-08 | C78: Multas por infracciones al reglamento de comercio | D78: 0 | G78: 0
B79: 4.1.6.2-09 | C79: Multas Diversas | D79: 0 | G79: 0
A80: 63 | B80: 4.1.6.3 | C80: Indemnizaciones | E80: 0 | G80: 0
B81: 4.1.6.3-01 | C81: Ingresos por Daños al Patrimonio Municipal | D81: 0 | G81: 0
A82: 64 | B82: 4.1.6.4 | C82: Reintegros | E82: 0 | G82: 0
A83: 68 | B83: 4.1.6.8 | C83: Accesorios de Aprovechamientos | E83: 0 | G83: 0
B84: 4.1.6.8-01 | C84: Recargos | D84: 0 | G84: 0
B85: 4.1.6.8-02 | C85: Gastos de Ejecución | D85: 0 | G85: 0
B86: 4.1.6.8-03 | C86: Actualización | D86: 0 | G86: 0
B87: 4.1.6.8-04 | C87: Multas | D87: 0 | G87: 0
A88: 69 | B88: 4.1.6.9 | C88: Otros Aprovechamientos | E88: =D89 -> 120000 | G88: 0.0028513153
B89: 4.1.6.9-01 | C89: Donaciones, Herencias y Legados | D89: 120000 | G89: 0.0028513153
B90: 4.1.6.9-02 | C90: Contribución de Mejoras para Servicios Públicos | D90: 0 | G90: 0
B91: 4.1.6.9-03 | C91: Certificaciones de Dictámenes de Factibilidad de Seguridad en Infraestructura | D91: 0 | G91: 0
B92: 4.1.6.9-04 | C92: Ferias y Exposiciones | D92: 0 | G92: 0
B93: 4.1.6.9-05 | C93: Oficina Municipal de Enlace S.R.E. | D93: 0 | G93: 0
B94: 4.1.6.9-06 | C94: Carcel Distrital | D94: 0 | G94: 0
B95: 4.1.6.9-07 | C95: Licitaciones | D95: 0 | G95: 0
B96: 4.1.6.9-08 | C96: Devolución Derechos de Agua | D96: 0 | G96: 0
B97: 4.1.6.9-09 | C97: Devolución de Seguros | D97: 0 | G97: 0
B98: 4.1.6.9-10 | C98: Devolución de I.V.A. | D98: 0 | G98: 0
B100: 4.2.0.0 | C100: Participaciones, Aportaciones, Transferencias, Asignaciones, Subsidios y Otras Ayudas | F100: =+F101 -> 82654059 | G100: 96.231892
A101: 8 | B101: 4.2.1.0 | C101: Participaciones y Aportaciones | F101: =E102+E112+E115 -> 82654059 | G101: 96.231892
A102: 81 | B102: 4.2.1.1 | C102: Participaciones | E102: =SUM(D103:D111) -> 24600000 | G102: 43.957778
B103: 4.2.1.1-01 | C103: Fondo General de Participaciones | D103: 12100000 | G103: 26.327145
B104: 4.2.1.1-02 | C104: Fondo de Fomento Municipal | D104: 6270000 | G104: 9.0291652
B105: 4.2.1.1-03 | C105: Impuesto Sobre Tenencia o Uso de Vehículos | D105: 1500000 | G105: 1.4256577
B106: 4.2.1.1-04 | C106: Impuesto Especial Sobre Producción y Servicios | D106: 2098000 | G106: 2.6137057
B107: 4.2.1.1-05 | C107: Impuesto Sobre Automóviles Nuevos | D107: 728000 | G107: 0.33265345
B108: 4.2.1.1-06 | C108: Fondo del Impuesto a la Venta Final de Gasolinas y Diesel | D108: 264000 | G108: 1.3306138
B109: 4.2.1.1-07 | C109: Fondo de Fiscalización | D109: 1060000 | G109: 1.23557
...

Sheet PE
B1: H. AYUNTAMIENTO DE HUEHUETLAN 2019, S.L.P.
B2: PRESUPUESTO DE EGRESOS PARA EL EJERCICIO FISCAL 2019
B4: (CIFRAS EN PESOS)
A5: COG | B5: Rubro/Cuenta | C5: Monto | D5: Total | E5: %
A6: 1000 | B6: SERVICIOS PERSONALES | D6: 19735610 | E6: 23.2077
A7: 1100 | B7: REMUNERACIONES AL PERSONAL DE CARÁCTER PERMANENTE | C7: 14317000 | E7: 16.835793 | G7: Gasto No Etiquetado (1=A+B+C+D+E+F+G+H+I) | M7: =SUM(O7:V7) -> #REF! | N7: 1100 | O7: =+#REF! -> #REF! | P7: =+#REF! -> #REF! | Q7: =+#REF! -> #REF! | R7: =+#REF! -> #REF! | S7: =+#REF! -> #REF! | T7: =+#REF! -> #REF! | V7: =+#REF! -> #REF! | X7: =+O7-P7-Q7-R7-S7-T7 -> #REF!
A8: 1110 | B8: DIETAS | E8: 0 | G8: Servicios Personales | H8: =D6 -> 19735610 | M8: =SUM(O8:V8) -> #REF! | N8: 1110 | O8: =+#REF! -> #REF! | P8: =+#REF! -> #REF! | Q8: =+#REF! -> #REF! | R8: =+#REF! -> #REF! | S8: =+#REF! -> #REF! | T8: =+#REF! -> #REF! | V8: =+#REF! -> #REF! | X8: =+O8-P8-Q8-R8-S8-T8 -> #REF!
A9: 1111 | B9: DIETAS | C9: 1133000 | E9: 1.3323289 | G9: Materiales y Suministros | H9: =D64 -> 4494065.4 | M9: =SUM(O9:V9) -> #REF! | N9: 1111 | O9: =+#REF! -> #REF! | P9: =+#REF! -> #REF! | Q9: =+#REF! -> #REF! | R9: =+#REF! -> #REF! | S9: =+#REF! -> #REF! | T9: =+#REF! -> #REF! | V9: =+#REF! -> #REF! | X9: =+O9-P9-Q9-R9-S9-T9 -> #REF!
A10: 1130 | B10: SUELDOS BASE AL PERSONAL PERMANENTE | E10: 0 | G10: Servicios Generales | H10: =D187 -> 12940700 | M10: =SUM(O10:V10) -> #REF! | N10: 1130 | O10: =+#REF! -> #REF! | P10: =+#REF! -> #REF! | Q10: =+#REF! -> #REF! | R10: =+#REF! -> #REF! | S10: =+#REF! -> #REF! | T10: =+#REF! -> #REF! | V10: =+#REF! -> #REF! | X10: =+O10-P10-Q10-R10-S10-T10 -> #REF!
A11: 1131 | B11: SUELDO BASE | C11: 13184000 | E11: 15.503464 | G11: Transferencias, Asignaciones, Subsidios y Otras | H11: =D358 -> 2525000 | M11: =SUM(O11:V11) -> #REF! | N11: 1131 | O11: =+#REF! -> #REF! | P11: =+#REF! -> #REF! | Q11: =+#REF! -> #REF! | R11: =+#REF! -> #REF! | S11: =+#REF! -> #REF! | T11: =+#REF! -> #REF! | V11: =+#REF! -> #REF! | X11: =+O11-P11-Q11-R11-S11-T11 -> #REF!
A12: 1132 | B12: COMPLEMENTO DE SUELDO | C12: 0 | E12: 0 | M12: =SUM(O12:V12) -> #REF! | N12: 1132 | O12: =+#REF! -> #REF! | P12: =+#REF! -> #REF! | Q12: =+#REF! -> #REF! | R12: =+#REF! -> #REF! | S12: =+#REF! -> #REF! | T12: =+#REF! -> #REF! | V12: =+#REF! -> #REF! | X12: =+O12-P12-Q12-R12-S12-T12 -> #REF!
A13: 1200 | B13: REMUNERACIONES AL PERSONAL DE CARÁCTER TRANSITORIO | C13: 702900 | E13: 0.82656136 | G13: Bienes Muebles, Inmuebles e Intangibles | H13: =D387 -> 2021000 | M13: =SUM(O13:V13) -> #REF! | N13: 1200 | O13: =+#REF! -> #REF! | P13: =+#REF! -> #REF! | Q13: =+#REF! -> #REF! | R13: =+#REF! -> #REF! | S13: =+#REF! -> #REF! | T13: =+#REF! -> #REF! | V13: =+#REF! -> #REF! | X13: =+O13-P13-Q13-R13-S13-T13 -> #REF!
A14: 1210 | B14: HONORARIOS POR SERVICIOS PERSONALES INDEPENDIENTES | E14: 0 | G14: Inversión Pública | H14: =D481 -> 42054059 | M14: =SUM(O14:V14) -> #REF! | N14: 1210 | O14: =+#REF! -> #REF! | P14: =+#REF! -> #REF! | Q14: =+#REF! -> #REF! | R14: =+#REF! -> #REF! | S14: =+#REF! -> #REF! | T14: =+#REF! -> #REF! | V14: =+#REF! -> #REF! | X14: =+O14-P14-Q14-R14-S14-T14 -> #REF!
A15: 1211 | B15: HONORARIOS POR SERVICIOS PERSONALES | C15: 0 | E15: 0 | G15: Participaciones y Aportaciones | H15: =PI!F101 -> 82654059 | M15: =SUM(O15:V15) -> #REF! | N15: 1211 | O15: =+#REF! -> #REF! | P15: =+#REF! -> #REF! | Q15: =+#REF! -> #REF! | R15: =+#REF! -> #REF! | S15: =+#REF! -> #REF! | T15: =+#REF! -> #REF! | V15: =+#REF! -> #REF! | X15: =+O15-P15-Q15-R15-S15-T15 -> #REF!
A16: 1212 | B16: HONORARIOS ASIMILABLES A SALARIOS | C16: 54000 | E16: 0.063500232 | G16: Deuda Pública | H16: =D543 -> 1268624.6 | M16: =SUM(O16:V16) -> #REF! | N16: 1212 | O16: =+#REF! -> #REF! | P16: =+#REF! -> #REF! | Q16: =+#REF! -> #REF! | R16: =+#REF! -> #REF! | S16: =+#REF! -> #REF! | T16: =+#REF! -> #REF! | V16: =+#REF! -> #REF! | X16: =+O16-P16-Q16-R16-S16-T16 -> #REF!
A17: 1220 | B17: SUELDOS BASE AL PERSONAL EVENTUAL | E17: 0 | M17: =SUM(O17:V17) -> #REF! | N17: 1220 | O17: =+#REF! -> #REF! | P17: =+#REF! -> #REF! | Q17: =+#REF! -> #REF! | R17: =+#REF! -> #REF! | S17: =+#REF! -> #REF! | T17: =+#REF! -> #REF! | V17: =+#REF! -> #REF! | X17: =+O17-P17-Q17-R17-S17-T17 -> #REF!
A18: 1221 | B18: SUELDOS BASE AL PERSONAL EVENTUAL | C18: 648900 | E18: 0.76306112 | G18: Gasto Etiquetado (2=A+B+C+D+E+F+G+H+I) | M18: =SUM(O18:V18) -> #REF! | N18: 1221 | O18: =+#REF! -> #REF! | P18: =+#REF! -> #REF! | Q18: =+#REF! -> #REF! | R18: =+#REF! -> #REF! | S18: =+#REF! -> #REF! | T18: =+#REF! -> #REF! | V18: =+#REF! -> #REF! | X18: =+O18-P18-Q18-R18-S18-T18 -> #REF!
A19: 1230 | B19: RETRIBUCIONES POR SERVICIOS DE CARÁCTER SOCIAL | E19: 0 | G19: Servicios Personales | M19: =SUM(O19:V19) -> #REF! | N19: 1230 | O19: =+#REF! -> #REF! | P19: =+#REF! -> #REF! | Q19: =+#REF! -> #REF! | R19: =+#REF! -> #REF! | S19: =+#REF! -> #REF! | T19: =+#REF! -> #REF! | V19: =+#REF! -> #REF! | X19: =+O19-P19-Q19-R19-S19-T19 -> #REF!
A20: 1231 | B20: RETRIBUCIONES POR SERVICIOS DE CARÁCTER SOCIAL | C20: 0 | E20: 0 | G20: Materiales y Suministros | M20: =SUM(O20:V20) -> #REF! | N20: 1231 | O20: =+#REF! -> #REF! | P20: =+#REF! -> #REF! | Q20: =+#REF! -> #REF! | R20: =+#REF! -> #REF! | S20: =+#REF! -> #REF! | T20: =+#REF! -> #REF! | V20: =+#REF! -> #REF! | X20: =+O20-P20-Q20-R20-S20-T20 -> #REF!
A21: 1240 | B21: RETRIBUCION A LOS REPRESENTANTES DE LOS TRABAJADORES Y DE LOS PATRONES EN LA JUNTA DE CONCILIACIÓN Y ARBITRAJE | E21: 0 | G21: Servicios Generales | M21: =SUM(O21:V21) -> #REF! | N21: 1240 | O21: =+#REF! -> #REF! | P21: =+#REF! -> #REF! | Q21: =+#REF! -> #REF! | R21: =+#REF! -> #REF! | S21: =+#REF! -> #REF! | T21: =+#REF! -> #REF! | V21: =+#REF! -> #REF! | X21: =+O21-P21-Q21-R21-S21-T21 -> #REF!
A22: 1241 | B22: RETRIBUCION A LOS REPRESENTANTES DE LOS TRABAJADORES Y DE LOS PATRONES EN LA JUNTA DE CONCILIACIÓN Y ARBITRAJE | C22: 0 | E22: 0 | G22: Transferencias, Asignaciones, Subsidios y Otras | M22: =SUM(O22:V22) -> #REF! | N22: 1241 | O22: =+#REF! -> #REF! | P22: =+#REF! -> #REF! | Q22: =+#REF! -> #REF! | R22: =+#REF! -> #REF! | S22: =+#REF! -> #REF! | T22: =+#REF! -> #REF! | V22: =+#REF! -> #REF! | X22: =+O22-P22-Q22-R22-S22-T22 -> #REF!
A23: 1300 | B23: REMUNERACIONES ADICIONALES Y ESPECIALES | C23: 2115710 | E23: 2.4879273 | M23: =SUM(O23:V23) -> #REF! | N23: 1300 | O23: =+#REF! -> #REF! | P23: =+#REF! -> #REF! | Q23: =+#REF! -> #REF! | R23: =+#REF! -> #REF! | S23: =+#REF! -> #REF! | T23: =+#REF! -> #REF! | V23: =+#REF! -> #REF! | X23: =+O23-P23-Q23-R23-S23-T23 -> #REF!
A24: 1310 | B24: PRIMAS POR AÑOS DE SERVICIOS EFECTIVOS PRESTADOS | E24: 0 | G24: Bienes Muebles, Inmuebles e Intangibles | M24: =SUM(O24:V24) -> #REF! | N24: 1310 | O24: =+#REF! -> #REF! | P24: =+#REF! -> #REF! | Q24: =+#REF! -> #REF! | R24: =+#REF! -> #REF! | S24: =+#REF! -> #REF! | T24: =+#REF! -> #REF! | V24: =+#REF! -> #REF! | X24: =+O24-P24-Q24-R24-S24-T24 -> #REF!
A25: 1311 | B25: PRIMA QUINQUENAL POR AÑOS DE SERVICIOS EFECTIVOS PRESTADOS | C25: 0 | E25: 0 | G25: Inversión Pública | M25: =SUM(O25:V25) -> #REF! | N25: 1311 | O25: =+#REF! -> #REF! | P25: =+#REF! -> #REF! | Q25: =+#REF! -> #REF! | R25: =+#REF! -> #REF! | S25: =+#REF! -> #REF! | T25: =+#REF! -> #REF! | V25: =+#REF! -> #REF! | X25: =+O25-P25-Q25-R25-S25-T25 -> #REF!
A26: 1320 | B26: PRIMAS DE VACACIONES, DOMINICAL Y GRATIFICACION DE FIN DE AÑO | E26: 0 | G26: Participaciones y Aportaciones | M26: =SUM(O26:V26) -> #REF! | N26: 1320 | O26: =+#REF! -> #REF! | P26: =+#REF! -> #REF! | Q26: =+#REF! -> #REF! | R26: =+#REF! -> #REF! | S26: =+#REF! -> #REF! | T26: =+#REF! -> #REF! | V26: =+#REF! -> #REF! | X26: =+O26-P26-Q26-R26-S26-T26 -> #REF!
A27: 1321 | B27: PRIMA VACACIONAL | C27: 0 | E27: 0 | G27: Deuda Pública | M27: =SUM(O27:V27) -> #REF! | N27: 1321 | O27: =+#REF! -> #REF! | P27: =+#REF! -> #REF! | Q27: =+#REF! -> #REF! | R27: =+#REF! -> #REF! | S27: =+#REF! -> #REF! | T27: =+#REF! -> #REF! | V27: =+#REF! -> #REF! | X27: =+O27-P27-Q27-R27-S27-T27 -> #REF!
A28: 1322 | B28: PRIMA DOMINICAL | C28: 0 | E28: 0 | M28: =SUM(O28:V28) -> #REF! | N28: 1322 | O28: =+#REF! -> #REF! | P28: =+#REF! -> #REF! | Q28: =+#REF! -> #REF! | R28: =+#REF! -> #REF! | S28: =+#REF! -> #REF! | T28: =+#REF! -> #REF! | V28: =+#REF! -> #REF! | X28: =+O28-P28-Q28-R28-S28-T28 -> #REF!
A29: 1323 | B29: GRATIFICACIÓN DE FIN DE AÑO | C29: 2015710 | E29: 2.3703343 | M29: =SUM(O29:V29) -> #REF! | N29: 1323 | O29: =+#REF! -> #REF! | P29: =+#REF! -> #REF! | Q29: =+#REF! -> #REF! | R29: =+#REF! -> #REF! | S29: =+#REF! -> #REF! | T29: =+#REF! -> #REF! | V29: =+#REF! -> #REF! | X29: =+O29-P29-Q29-R29-S29-T29 -> #REF!
A30: 1330 | B30: HORAS EXTRAORDINARIAS | C30: 0 | E30: 0 | M30: =SUM(O30:V30) -> #REF! | N30: 1330 | O30: =+#REF! -> #REF! | P30: =+#REF! -> #REF! | Q30: =+#REF! -> #REF! | R30: =+#REF! -> #REF! | S30: =+#REF! -> #REF! | T30: =+#REF! -> #REF! | V30: =+#REF! -> #REF! | X30: =+O30-P30-Q30-R30-S30-T30 -> #REF!
A31: 1331 | B31: REMUNERACIONES POR HORAS EXTRAORDINARIAS | C31: 0 | E31: 0 | M31: =SUM(O31:V31) -> #REF! | N31: 1331 | O31: =+#REF! -> #REF! | P31: =+#REF! -> #REF! | Q31: =+#REF! -> #REF! | R31: =+#REF! -> #REF! | S31: =+#REF! -> #REF! | T31: =+#REF! -> #REF! | V31: =+#REF! -> #REF! | X31: =+O31-P31-Q31-R31-S31-T31 -> #REF!
A32: 1332 | B32: PAGO DE DIAS DE DESCANSO LABORADOS | C32: 0 | E32: 0 | M32: =SUM(O32:V32) -> #REF! | N32: 1332 | O32: =+#REF! -> #REF! | P32: =+#REF! -> #REF! | Q32: =+#REF! -> #REF! | R32: =+#REF! -> #REF! | S32: =+#REF! -> #REF! | T32: =+#REF! -> #REF! | V32: =+#REF! -> #REF! | X32: =+O32-P32-Q32-R32-S32-T32 -> #REF!
A33: 1340 | B33: COMPENSACIONES | E33: 0 | M33: =SUM(O33:V33) -> #REF! | N33: 1340 | O33: =+#REF! -> #REF! | P33: =+#REF! -> #REF! | Q33: =+#REF! -> #REF! | R33: =+#REF! -> #REF! | S33: =+#REF! -> #REF! | T33: =+#REF! -> #REF! | V33: =+#REF! -> #REF! | X33: =+O33-P33-Q33-R33-S33-T33 -> #REF!
A34: 1341 | B34: COMPENSACIÓN POR SERVICIOS EVENTUALES | C34: 100000 | E34: 0.11759302 | M34: =SUM(O34:V34) -> #REF! | N34: 1341 | O34: =+#REF! -> #REF! | P34: =+#REF! -> #REF! | Q34: =+#REF! -> #REF! | R34: =+#REF! -> #REF! | S34: =+#REF! -> #REF! | T34: =+#REF! -> #REF! | V34: =+#REF! -> #REF! | X34: =+O34-P34-Q34-R34-S34-T34 -> #REF!
A35: 1370 | B35: HONORARIOS ESPECIALES | E35: 0 | M35: =SUM(O35:V35) -> #REF! | N35: 1370 | O35: =+#REF! -> #REF! | P35: =+#REF! -> #REF! | Q35: =+#REF! -> #REF! | R35: =+#REF! -> #REF! | S35: =+#REF! -> #REF! | T35: =+#REF! -> #REF! | V35: =+#REF! -> #REF! | X35: =+O35-P35-Q35-R35-S35-T35 -> #REF!
A36: 1371 | B36: HONORARIOS ESPECIALES | C36: 0 | E36: 0 | M36: =SUM(O36:V36) -> #REF! | N36: 1371 | O36: =+#REF! -> #REF! | P36: =+#REF! -> #REF! | Q36: =+#REF! -> #REF! | R36: =+#REF! -> #REF! | S36: =+#REF! -> #REF! | T36: =+#REF! -> #REF! | V36: =+#REF! -> #REF! | X36: =+O36-P36-Q36-R36-S36-T36 -> #REF!
A37: 1380 | B37: PARTICIPACION POR VIGILANCIA EN EL CUMPLIMIENTO DE LAS LEYES Y CUSTODIA DE VALORES | E37: 0 | M37: =SUM(O37:V37) -> #REF! | N37: 1380 | O37: =+#REF! -> #REF! | P37: =+#REF! -> #REF! | Q37: =+#REF! -> #REF! | R37: =+#REF! -> #REF! | S37: =+#REF! -> #REF! | T37: =+#REF! -> #REF! | V37: =+#REF! -> #REF! | X37: =+O37-P37-Q37-R37-S37-T37 -> #REF!
A38: 1381 | B38: COMPENSACION PERSONAL DE SEGURIDAD | C38: 0 | E38: 0 | M38: =SUM(O38:V38) -> #REF! | N38: 1381 | O38: =+#REF! -> #REF! | P38: =+#REF! -> #REF! | Q38: =+#REF! -> #REF! | R38: =+#REF! -> #REF! | S38: =+#REF! -> #REF! | T38: =+#REF! -> #REF! | V38: =+#REF! -> #REF! | X38: =+O38-P38-Q38-R38-S38-T38 -> #REF!
A39: 1400 | B39: SEGURIDAD SOCIAL | M39: =SUM(O39:V39) -> 0
A40: 1500 | B40: OTRAS PRESTACIONES SOCIALES Y ECONOMICAS | C40: 2600000 | E40: 3.0574186 | M40: =SUM(O40:V40) -> #REF! | N40: 1500 | O40: =+#REF! -> #REF! | P40: =+#REF! -> #REF! | Q40: =+#REF! -> #REF! | R40: =+#REF! -> #REF! | S40: =+#REF! -> #REF! | T40: =+#REF! -> #REF! | V40: =+#REF! -> #REF! | X40: =+O40-P40-Q40-R40-S40-T40 -> #REF!
A41: 1510 | B41: CUOTAS PARA EL FONDO DE AHORRO Y FONDO DE TRABAJO | E41: 0 | M41: =SUM(O41:V41) -> #REF! | N41: 1510 | O41: =+#REF! -> #REF! | P41: =+#REF! -> #REF! | Q41: =+#REF! -> #REF! | R41: =+#REF! -> #REF! | S41: =+#REF! -> #REF! | T41: =+#REF! -> #REF! | V41: =+#REF! -> #REF! | X41: =+O41-P41-Q41-R41-S41-T41 -> #REF!
A42: 1511 | B42: FONDO DE AHORRO | C42: 0 | E42: 0 | M42: =SUM(O42:V42) -> #REF! | N42: 1511 | O42: =+#REF! -> #REF! | P42: =+#REF! -> #REF! | Q42: =+#REF! -> #REF! | R42: =+#REF! -> #REF! | S42: =+#REF! -> #REF! | T42: =+#REF! -> #REF! | V42: =+#REF! -> #REF! | X42: =+O42-P42-Q42-R42-S42-T42 -> #REF!
A43: 1520 | B43: INDEMNIZACIONES | E43: 0 | M43: =SUM(O43:V43) -> #REF! | N43: 1520 | O43: =+#REF! -> #REF! | P43: =+#REF! -> #REF! | Q43: =+#REF! -> #REF! | R43: =+#REF! -> #REF! | S43: =+#REF! -> #REF! | T43: =+#REF! -> #REF! | V43: =+#REF! -> #REF! | X43: =+O43-P43-Q43-R43-S43-T43 -> #REF!
A44: 1521 | B44: INDEMNIZACIONES Y LIQUIDACIONES POR RETIRO Y HABERES CAÍDOS | C44: 2500000 | E44: 2.9398256 | M44: =SUM(O44:V44) -> #REF! | N44: 1521 | O44: =+#REF! -> #REF! | P44: =+#REF! -> #REF! | Q44: =+#REF! -> #REF! | R44: =+#REF! -> #REF! | S44: =+#REF! -> #REF! | T44: =+#REF! -> #REF! | V44: =+#REF! -> #REF! | X44: =+O44-P44-Q44-R44-S44-T44 -> #REF!
A45: 1530 | B45: PRESTACIONES Y HABERES DE RETIRO | E45: 0 | M45: =SUM(O45:V45) -> #REF! | N45: 1530 | O45: =+#REF! -> #REF! | P45: =+#REF! -> #REF! | Q45: =+#REF! -> #REF! | R45: =+#REF! -> #REF! | S45: =+#REF! -> #REF! | T45: =+#REF! -> #REF! | V45: =+#REF! -> #REF! | X45: =+O45-P45-Q45-R45-S45-T45 -> #REF!
A46: 1531 | B46: FONDO DE AHORRO (PENSIONES) | C46: 0 | E46: 0 | M46: =SUM(O46:V46) -> #REF! | N46: 1531 | O46: =+#REF! -> #REF! | P46: =+#REF! -> #REF! | Q46: =+#REF! -> #REF! | R46: =+#REF! -> #REF! | S46: =+#REF! -> #REF! | T46: =+#REF! -> #REF! | V46: =+#REF! -> #REF! | X46: =+O46-P46-Q46-R46-S46-T46 -> #REF!
A47: 1532 | B47: ESTIMULOS POR AÑOS DE SERVICIO | C47: 0 | E47: 0 | M47: =SUM(O47:V47) -> #REF! | N47: 1532 | O47: =+#REF! -> #REF! | P47: =+#REF! -> #REF! | Q47: =+#REF! -> #REF! | R47: =+#REF! -> #REF! | S47: =+#REF! -> #REF! | T47: =+#REF! -> #REF! | V47: =+#REF! -> #REF! | X47: =+O47-P47-Q47-R47-S47-T47 -> #REF!
A48: 1533 | B48: LIQUIDACION DE LAS PRESTACIONES (JUBILACION) | C48: 0 | E48: 0 | M48: =SUM(O48:V48) -> #REF! | N48: 1533 | O48: =+#REF! -> #REF! | P48: =+#REF! -> #REF! | Q48: =+#REF! -> #REF! | R48: =+#REF! -> #REF! | S48: =+#REF! -> #REF! | T48: =+#REF! -> #REF! | V48: =+#REF! -> #REF! | X48: =+O48-P48-Q48-R48-S48-T48 -> #REF!
A49: 1540 | B49: PRESTACIONES CONTRACTUALES | E49: 0 | M49: =SUM(O49:V49) -> #REF! | N49: 1540 | O49: =+#REF! -> #REF! | P49: =+#REF! -> #REF! | Q49: =+#REF! -> #REF! | R49: =+#REF! -> #REF! | S49: =+#REF! -> #REF! | T49: =+#REF! -> #REF! | V49: =+#REF! -> #REF! | X49: =+O49-P49-Q49-R49-S49-T49 -> #REF!
A50: 1541 | B50: PRESTACIONES CONTRACTUALES MENSUALES | C50: 100000 | E50: 0.11759302 | M50: =SUM(O50:V50) -> #REF! | N50: 1541 | O50: =+#REF! -> #REF! | P50: =+#REF! -> #REF! | Q50: =+#REF! -> #REF! | R50: =+#REF! -> #REF! | S50: =+#REF! -> #REF! | T50: =+#REF! -> #REF! | V50: =+#REF! -> #REF! | X50: =+O50-P50-Q50-R50-S50-T50 -> #REF!
A51: 1542 | B51: PRESTACIONES CONTRACTUALES ANUALES | C51: 0 | E51: 0 | M51: =SUM(O51:V51) -> #REF! | N51: 1542 | O51: =+#REF! -> #REF! | P51: =+#REF! -> #REF! | Q51: =+#REF! -> #REF! | R51: =+#REF! -> #REF! | S51: =+#REF! -> #REF! | T51: =+#REF! -> #REF! | V51: =+#REF! -> #REF! | X51: =+O51-P51-Q51-R51-S51-T51 -> #REF!
A52: 1550 | B52: APOYOS A LA CAPACITACION DE SERVIDORES PUBLICOS | E52: 0 | M52: =SUM(O52:V52) -> #REF! | N52: 1550 | O52: =+#REF! -> #REF! | P52: =+#REF! -> #REF! | Q52: =+#REF! -> #REF! | R52: =+#REF! -> #REF! | S52: =+#REF! -> #REF! | T52: =+#REF! -> #REF! | V52: =+#REF! -> #REF! | X52: =+O52-P52-Q52-R52-S52-T52 -> #REF!
A53: 1551 | B53: APOYOS A LA CAPACITACION DE SERVIDORES PUBLICOS | C53: 0 | E53: 0 | M53: =SUM(O53:V53) -> #REF! | N53: 1551 | O53: =+#REF! -> #REF! | P53: =+#REF! -> #REF! | Q53: =+#REF! -> #REF! | R53: =+#REF! -> #REF! | S53: =+#REF! -> #REF! | T53: =+#REF! -> #REF! | V53: =+#REF! -> #REF! | X53: =+O53-P53-Q53-R53-S53-T53 -> #REF!
A54: 1560 | B54: OTRAS PRESTACIONES SOCIALES Y ECONOMICAS | E54: 0 | M54: =SUM(O54:V54) -> #REF! | N54: 1560 | O54: =+#REF! -> #REF! | P54: =+#REF! -> #REF! | Q54: =+#REF! -> #REF! | R54: =+#REF! -> #REF! | S54: =+#REF! -> #REF! | T54: =+#REF! -> #REF! | V54: =+#REF! -> #REF! | X54: =+O54-P54-Q54-R54-S54-T54 -> #REF!
A55: 1561 | B55: SUBSIDIO A ORGANISMOS SINDICALES | C55: 0 | E55: 0 | M55: =SUM(O55:V55) -> #REF! | N55: 1561 | O55: =+#REF! -> #REF! | P55: =+#REF! -> #REF! | Q55: =+#REF! -> #REF! | R55: =+#REF! -> #REF! | S55: =+#REF! -> #REF! | T55: =+#REF! -> #REF! | V55: =+#REF! -> #REF! | X55: =+O55-P55-Q55-R55-S55-T55 -> #REF!
A56: 1562 | B56: OTRAS PRESTACIONES POR APOYOS, EVENTOS Y FESTEJOS | C56: 0 | E56: 0 | M56: =SUM(O56:V56) -> #REF! | N56: 1562 | O56: =+#REF! -> #REF! | P56: =+#REF! -> #REF! | Q56: =+#REF! -> #REF! | R56: =+#REF! -> #REF! | S56: =+#REF! -> #REF! | T56: =+#REF! -> #REF! | V56: =+#REF! -> #REF! | X56: =+O56-P56-Q56-R56-S56-T56 -> #REF!
A57: 1600 | B57: PREVISIONES | E57: 0 | M57: =SUM(O57:V57) -> #REF! | N57: 1600 | O57: =+#REF! -> #REF! | P57: =+#REF! -> #REF! | Q57: =+#REF! -> #REF! | R57: =+#REF! -> #REF! | S57: =+#REF! -> #REF! | T57: =+#REF! -> #REF! | V57: =+#REF! -> #REF! | X57: =+O57-P57-Q57-R57-S57-T57 -> #REF!
A58: 1610 | B58: PREVISIONES DE CARÁCTER LABORAL, ECONOMICA Y DE SEGURIDAD SOCIAL | E58: 0 | M58: =SUM(O58:V58) -> #REF! | N58: 1610 | O58: =+#REF! -> #REF! | P58: =+#REF! -> #REF! | Q58: =+#REF! -> #REF! | R58: =+#REF! -> #REF! | S58: =+#REF! -> #REF! | T58: =+#REF! -> #REF! | V58: =+#REF! -> #REF! | X58: =+O58-P58-Q58-R58-S58-T58 -> #REF!
A59: 1611 | B59: REGULARIZACIONES | C59: 0 | E59: 0 | M59: =SUM(O59:V59) -> #REF! | N59: 1611 | O59: =+#REF! -> #REF! | P59: =+#REF! -> #REF! | Q59: =+#REF! -> #REF! | R59: =+#REF! -> #REF! | S59: =+#REF! -> #REF! | T59: =+#REF! -> #REF! | V59: =+#REF! -> #REF! | X59: =+O59-P59-Q59-R59-S59-T59 -> #REF!
A60: 1612 | B60: PREVISION DE INCREMENTO SALARIAL | C60: 0 | E60: 0 | M60: =SUM(O60:V60) -> #REF! | N60: 1612 | O60: =+#REF! -> #REF! | P60: =+#REF! -> #REF! | Q60: =+#REF! -> #REF! | R60: =+#REF! -> #REF! | S60: =+#REF! -> #REF! | T60: =+#REF! -> #REF! | V60: =+#REF! -> #REF! | X60: =+O60-P60-Q60-R60-S60-T60 -> #REF!
A61: 1700 | B61: PAGO DE ESTÍMULOS A SERVIDORES PÚBLICOS | E61: 0 | M61: =SUM(O61:V61) -> #REF! | N61: 1700 | O61: =+#REF! -> #REF! | P61: =+#REF! -> #REF! | Q61: =+#REF! -> #REF! | R61: =+#REF! -> #REF! | S61: =+#REF! -> #REF! | T61: =+#REF! -> #REF! | V61: =+#REF! -> #REF! | X61: =+O61-P61-Q61-R61-S61-T61 -> #REF!
A62: 1710 | B62: ESTÍMULOS | E62: 0 | M62: =SUM(O62:V62) -> #REF! | N62: 1710 | O62: =+#REF! -> #REF! | P62: =+#REF! -> #REF! | Q62: =+#REF! -> #REF! | R62: =+#REF! -> #REF! | S62: =+#REF! -> #REF! | T62: =+#REF! -> #REF! | V62: =+#REF! -> #REF! | X62: =+O62-P62-Q62-R62-S62-T62 -> #REF!
A63: 1711 | B63: ESTÍMULOS | C63: 0 | E63: 0 | M63: =SUM(O63:V63) -> #REF! | N63: 1711 | O63: =+#REF! -> #REF! | P63: =+#REF! -> #REF! | Q63: =+#REF! -> #REF! | R63: =+#REF! -> #REF! | S63: =+#REF! -> #REF! | T63: =+#REF! -> #REF! | V63: =+#REF! -> #REF! | X63: =+O63-P63-Q63-R63-S63-T63 -> #REF!
A64: 2000 | B64: MATERIALES Y SUMINISTROS | D64: 4494065.4 | E64: 5.2847073 | M64: =SUM(O64:V64) -> #REF! | N64: 2000 | O64: =+#REF! -> #REF! | P64: =+#REF! -> #REF! | Q64: =+#REF! -> #REF! | R64: =+#REF! -> #REF! | S64: =+#REF! -> #REF! | T64: =+#REF! -> #REF! | V64: =+#REF! -> #REF! | X64: =+O64-P64-Q64-R64-S64-T64 -> #REF!
A65: 2100 | B65: MATERIALES DE ADMINISTRACIÓN, EMISIÓN DE DOCUMENTOS Y ARTÍCULOS OFICIALES | C65: 618065.4 | E65: 0.72680179 | M65: =SUM(O65:V65) -> #REF! | N65: 2100 | O65: =+#REF! -> #REF! | P65: =+#REF! -> #REF! | Q65: =+#REF! -> #REF! | R65: =+#REF! -> #REF! | S65: =+#REF! -> #REF! | T65: =+#REF! -> #REF! | V65: =+#REF! -> #REF! | X65: =+O65-P65-Q65-R65-S65-T65 -> #REF!
A66: 2110 | B66: MATERIALES, ÚTILES Y EQUIPOS MENORES DE OFICINA | E66: 0 | M66: =SUM(O66:V66) -> #REF! | N66: 2110 | O66: =+#REF! -> #REF! | P66: =+#REF! -> #REF! | Q66: =+#REF! -> #REF! | R66: =+#REF! -> #REF! | S66: =+#REF! -> #REF! | T66: =+#REF! -> #REF! | V66: =+#REF! -> #REF! | X66: =+O66-P66-Q66-R66-S66-T66 -> #REF!
A67: 2111 | B67: MATERIALES, ÚTILES Y EQUIPOS MENORES DE OFICINA | C67: 308065.4 | E67: 0.36226342 | M67: =SUM(O67:V67) -> #REF! | N67: 2111 | O67: =+#REF! -> #REF! | P67: =+#REF! -> #REF! | Q67: =+#REF! -> #REF! | R67: =+#REF! -> #REF! | S67: =+#REF! -> #REF! | T67: =+#REF! -> #REF! | V67: =+#REF! -> #REF! | X67: =+O67-P67-Q67-R67-S67-T67 -> #REF!
A68: 2120 | B68: MATERIALES Y ÚTILES DE IMPRESIÓN Y REPRODUCCIÓN | E68: 0 | M68: =SUM(O68:V68) -> #REF! | N68: 2120 | O68: =+#REF! -> #REF! | P68: =+#REF! -> #REF! | Q68: =+#REF! -> #REF! | R68: =+#REF! -> #REF! | S68: =+#REF! -> #REF! | T68: =+#REF! -> #REF! | V68: =+#REF! -> #REF! | X68: =+O68-P68-Q68-R68-S68-T68 -> #REF!
A69: 2121 | B69: MATERIALES Y ÚTILES DE IMPRESIÓN Y REPRODUCCIÓN | C69: 70000 | E69: 0.082315116 | M69: =SUM(O69:V69) -> #REF! | N69: 2121 | O69: =+#REF! -> #REF! | P69: =+#REF! -> #REF! | Q69: =+#REF! -> #REF! | R69: =+#REF! -> #REF! | S69: =+#REF! -> #REF! | T69: =+#REF! -> #REF! | V69: =+#REF! -> #REF! | X69: =+O69-P69-Q69-R69-S69-T69 -> #REF!
A70: 2130 | B70: MATERIAL ESTADÍSTICO Y GEOGRÁFICO | E70: 0 | M70: =SUM(O70:V70) -> #REF! | N70: 2130 | O70: =+#REF! -> #REF! | P70: =+#REF! -> #REF! | Q70: =+#REF! -> #REF! | R70: =+#REF! -> #REF! | S70: =+#REF! -> #REF! | T70: =+#REF! -> #REF! | V70: =+#REF! -> #REF! | X70: =+O70-P70-Q70-R70-S70-T70 -> #REF!
A71: 2131 | B71: MATERIAL ESTADÍSTICO Y GEOGRÁFICO | C71: 0 | E71: 0 | M71: =SUM(O71:V71) -> #REF! | N71: 2131 | O71: =+#REF! -> #REF! | P71: =+#REF! -> #REF! | Q71: =+#REF! -> #REF! | R71: =+#REF! -> #REF! | S71: =+#REF! -> #REF! | T71: =+#REF! -> #REF! | V71: =+#REF! -> #REF! | X71: =+O71-P71-Q71-R71-S71-T71 -> #REF!
A72: 2140 | B72: MATERIALES, ÚTILES Y EQUIPOS MENORES DE TECNOLOGÍAS DE LA INFORMACIÓN Y COMUNICACIONES | E72: 0 | M72: =SUM(O72:V72) -> #REF! | N72: 2140 | O72: =+#REF! -> #REF! | P72: =+#REF! -> #REF! | Q72: =+#REF! -> #REF! | R72: =+#REF! -> #REF! | S72: =+#REF! -> #REF! | T72: =+#REF! -> #REF! | V72: =+#REF! -> #REF! | X72: =+O72-P72-Q72-R72-S72-T72 -> #REF!
A73: 2141 | B73: MATERIALES, ÚTILES Y EQUIPOS MENORES DE TECNOLOGÍAS DE LA INFORMACIÓN Y COMUNICACIONES | C73: 70000 | E73: 0.082315116 | M73: =SUM(O73:V73) -> #REF! | N73: 2141 | O73: =+#REF! -> #REF! | P73: =+#REF! -> #REF! | Q73: =+#REF! -> #REF! | R73: =+#REF! -> #REF! | S73: =+#REF! -> #REF! | T73: =+#REF! -> #REF! | V73: =+#REF! -> #REF! | X73: =+O73-P73-Q73-R73-S73-T73 -> #REF!
A74: 2150 | B74: MATERIAL IMPRESO E INFORMACIÓN DIGITAL | E74: 0 | M74: =SUM(O74:V74) -> #REF! | N74: 2150 | O74: =+#REF! -> #REF! | P74: =+#REF! -> #REF! | Q74: =+#REF! -> #REF! | R74: =+#REF! -> #REF! | S74: =+#REF! -> #REF! | T74: =+#REF! -> #REF! | V74: =+#REF! -> #REF! | X74: =+O74-P74-Q74-R74-S74-T74 -> #REF!
A75: 2151 | B75: MATERIAL IMPRESO E INFORMACIÓN DIGITAL | C75: 100000 | E75: 0.11759302 | M75: =SUM(O75:V75) -> #REF! | N75: 2151 | O75: =+#REF! -> #REF! | P75: =+#REF! -> #REF! | Q75: =+#REF! -> #REF! | R75: =+#REF! -> #REF! | S75: =+#REF! -> #REF! | T75: =+#REF! -> #REF! | V75: =+#REF! -> #REF! | X75: =+O75-P75-Q75-R75-S75-T75 -> #REF!
A76: 2160 | B76: MATERIAL DE LIMPIEZA | E76: 0 | M76: =SUM(O76:V76) -> #REF! | N76: 2160 | O76: =+#REF! -> #REF! | P76: =+#REF! -> #REF! | Q76: =+#REF! -> #REF! | R76: =+#REF! -> #REF! | S76: =+#REF! -> #REF! | T76: =+#REF! -> #REF! | V76: =+#REF! -> #REF! | X76: =+O76-P76-Q76-R76-S76-T76 -> #REF!
A77: 2161 | B77: MATERIAL DE LIMPIEZA | C77: 20000 | E77: 0.023518605 | M77: =SUM(O77:V77) -> #REF! | N77: 2161 | O77: =+#REF! -> #REF! | P77: =+#REF! -> #REF! | Q77: =+#REF! -> #REF! | R77: =+#REF! -> #REF! | S77: =+#REF! -> #REF! | T77: =+#REF! -> #REF! | V77: =+#REF! -> #REF! | X77: =+O77-P77-Q77-R77-S77-T77 -> #REF!
A78: 2170 | B78: MATERIALES Y ÚTILES DE ENSEÑANZA | E78: 0 | M78: =SUM(O78:V78) -> #REF! | N78: 2170 | O78: =+#REF! -> #REF! | P78: =+#REF! -> #REF! | Q78: =+#REF! -> #REF! | R78: =+#REF! -> #REF! | S78: =+#REF! -> #REF! | T78: =+#REF! -> #REF! | V78: =+#REF! -> #REF! | X78: =+O78-P78-Q78-R78-S78-T78 -> #REF!
A79: 2171 | B79: MATERIALES Y ÚTILES DE ENSEÑANZA | C79: 0 | E79: 0 | M79: =SUM(O79:V79) -> #REF! | N79: 2171 | O79: =+#REF! -> #REF! | P79: =+#REF! -> #REF! | Q79: =+#REF! -> #REF! | R79: =+#REF! -> #REF! | S79: =+#REF! -> #REF! | T79: =+#REF! -> #REF! | V79: =+#REF! -> #REF! | X79: =+O79-P79-Q79-R79-S79-T79 -> #REF!
A80: 2180 | B80: MATERIALES PARA EL REGISTRO E IDENTIFICACIÓN DE BIENES Y PERSONAS | C80: 50000 | E80: 0.058796511 | M80: =SUM(O80:V80) -> #REF! | N80: 2180 | O80: =+#REF! -> #REF! | P80: =+#REF! -> #REF! | Q80: =+#REF! -> #REF! | R80: =+#REF! -> #REF! | S80: =+#REF! -> #REF! | T80: =+#REF! -> #REF! | V80: =+#REF! -> #REF! | X80: =+O80-P80-Q80-R80-S80-T80 -> #REF!
A81: 2181 | B81: MATERIALES PARA EL REGISTRO E IDENTIFICACIÓN DE BIENES Y PERSONAS | C81: 0 | E81: 0 | M81: =SUM(O81:V81) -> #REF! | N81: 2181 | O81: =+#REF! -> #REF! | P81: =+#REF! -> #REF! | Q81: =+#REF! -> #REF! | R81: =+#REF! -> #REF! | S81: =+#REF! -> #REF! | T81: =+#REF! -> #REF! | V81: =+#REF! -> #REF! | X81: =+O81-P81-Q81-R81-S81-T81 -> #REF!
A82: 2200 | B82: ALIMENTOS Y UTENSILIOS | C82: 150000 | E82: 0.17638953 | M82: =SUM(O82:V82) -> #REF! | N82: 2200 | O82: =+#REF! -> #REF! | P82: =+#REF! -> #REF! | Q82: =+#REF! -> #REF! | R82: =+#REF! -> #REF! | S82: =+#REF! -> #REF! | T82: =+#REF! -> #REF! | V82: =+#REF! -> #REF! | X82: =+O82-P82-Q82-R82-S82-T82 -> #REF!
A83: 2210 | B83: PRODUCTOS ALIMENTICIOS PARA PERSONAS | E83: 0 | M83: =SUM(O83:V83) -> #REF! | N83: 2210 | O83: =+#REF! -> #REF! | P83: =+#REF! -> #REF! | Q83: =+#REF! -> #REF! | R83: =+#REF! -> #REF! | S83: =+#REF! -> #REF! | T83: =+#REF! -> #REF! | V83: =+#REF! -> #REF! | X83: =+O83-P83-Q83-R83-S83-T83 -> #REF!
A84: 2211 | B84: ALIMENTACIÓN EN OFICINAS O LUGARES DE TRABAJO | C84: 150000 | E84: 0.17638953 | M84: =SUM(O84:V84) -> #REF! | N84: 2211 | O84: =+#REF! -> #REF! | P84: =+#REF! -> #REF! | Q84: =+#REF! -> #REF! | R84: =+#REF! -> #REF! | S84: =+#REF! -> #REF! | T84: =+#REF! -> #REF! | V84: =+#REF! -> #REF! | X84: =+O84-P84-Q84-R84-S84-T84 -> #REF!
A85: 2212 | B85: ALIMENTACIÓN EN EVENTOS OFICIALES | C85: 0 | E85: 0 | M85: =SUM(O85:V85) -> #REF! | N85: 2212 | O85: =+#REF! -> #REF! | P85: =+#REF! -> #REF! | Q85: =+#REF! -> #REF! | R85: =+#REF! -> #REF! | S85: =+#REF! -> #REF! | T85: =+#REF! -> #REF! | V85: =+#REF! -> #REF! | X85: =+O85-P85-Q85-R85-S85-T85 -> #REF!
A86: 2213 | B86: ALIMENTACIÓN EN PROGRAMAS DE CAPACITACIÓN Y ADIESTRAMIENTO | C86: 0 | E86: 0 | M86: =SUM(O86:V86) -> #REF! | N86: 2213 | O86: =+#REF! -> #REF! | P86: =+#REF! -> #REF! | Q86: =+#REF! -> #REF! | R86: =+#REF! -> #REF! | S86: =+#REF! -> #REF! | T86: =+#REF! -> #REF! | V86: =+#REF! -> #REF! | X86: =+O86-P86-Q86-R86-S86-T86 -> #REF!
A87: 2214 | B87: ALIMENTACIÓN PARA INTERNOS | C87: 0 | E87: 0 | M87: =SUM(O87:V87) -> #REF! | N87: 2214 | O87: =+#REF! -> #REF! | P87: =+#REF! -> #REF! | Q87: =+#REF! -> #REF! | R87: =+#REF! -> #REF! | S87: =+#REF! -> #REF! | T87: =+#REF! -> #REF! | V87: =+#REF! -> #REF! | X87: =+O87-P87-Q87-R87-S87-T87 -> #REF!
A88: 2220 | B88: PRODUCTOS ALIMENTICIOS PARA ANIMALES | E88: 0 | M88: =SUM(O88:V88) -> #REF! | N88: 2220 | O88: =+#REF! -> #REF! | P88: =+#REF! -> #REF! | Q88: =+#REF! -> #REF! | R88: =+#REF! -> #REF! | S88: =+#REF! -> #REF! | T88: =+#REF! -> #REF! | V88: =+#REF! -> #REF! | X88: =+O88-P88-Q88-R88-S88-T88 -> #REF!
A89: 2221 | B89: PRODUCTOS ALIMENTICIOS PARA ANIMALES | C89: 0 | E89: 0 | M89: =SUM(O89:V89) -> #REF! | N89: 2221 | O89: =+#REF! -> #REF! | P89: =+#REF! -> #REF! | Q89: =+#REF! -> #REF! | R89: =+#REF! -> #REF! | S89: =+#REF! -> #REF! | T89: =+#REF! -> #REF! | V89: =+#REF! -> #REF! | X89: =+O89-P89-Q89-R89-S89-T89 -> #REF!
A90: 2230 | B90: UTENSILIOS PARA EL SERVICIO DE ALIMENTACIÓN | E90: 0 | M90: =SUM(O90:V90) -> #REF! | N90: 2230 | O90: =+#REF! -> #REF! | P90: =+#REF! -> #REF! | Q90: =+#REF! -> #REF! | R90: =+#REF! -> #REF! | S90: =+#REF! -> #REF! | T90: =+#REF! -> #REF! | V90: =+#REF! -> #REF! | X90: =+O90-P90-Q90-R90-S90-T90 -> #REF!
A91: 2231 | B91: UTENSILIOS PARA EL SERVICIO DE ALIMENTACIÓN | C91: 0 | E91: 0 | M91: =SUM(O91:V91) -> #REF! | N91: 2231 | O91: =+#REF! -> #REF! | P91: =+#REF! -> #REF! | Q91: =+#REF! -> #REF! | R91: =+#REF! -> #REF! | S91: =+#REF! -> #REF! | T91: =+#REF! -> #REF! | V91: =+#REF! -> #REF! | X91: =+O91-P91-Q91-R91-S91-T91 -> #REF!
A92: 2300 | B92: MATERIAS PRIMAS Y MATERIALES DE PRODUCCIÓN Y COMERCIALIZACIÓN | C92: 0 | E92: 0 | M92: =SUM(O92:V92) -> #REF! | N92: 2300 | O92: =+#REF! -> #REF! | P92: =+#REF! -> #REF! | Q92: =+#REF! -> #REF! | R92: =+#REF! -> #REF! | S92: =+#REF! -> #REF! | T92: =+#REF! -> #REF! | V92: =+#REF! -> #REF! | X92: =+O92-P92-Q92-R92-S92-T92 -> #REF!
A93: 2310 | B93: PRODUCTOS ALIMENTICIOS, AGROPECUARIOS Y FORESTALES ADQUIRIDOS COMO MATERIA PRIMA | E93: 0 | M93: =SUM(O93:V93) -> #REF! | N93: 2310 | O93: =+#REF! -> #REF! | P93: =+#REF! -> #REF! | Q93: =+#REF! -> #REF! | R93: =+#REF! -> #REF! | S93: =+#REF! -> #REF! | T93: =+#REF! -> #REF! | V93: =+#REF! -> #REF! | X93: =+O93-P93-Q93-R93-S93-T93 -> #REF!
A94: 2311 | B94: PRODUCTOS ALIMENTICIOS, AGROPECUARIOS Y FORESTALES ADQUIRIDOS COMO MATERIA PRIMA | C94: 0 | E94: 0 | M94: =SUM(O94:V94) -> #REF! | N94: 2311 | O94: =+#REF! -> #REF! | P94: =+#REF! -> #REF! | Q94: =+#REF! -> #REF! | R94: =+#REF! -> #REF! | S94: =+#REF! -> #REF! | T94: =+#REF! -> #REF! | V94: =+#REF! -> #REF! | X94: =+O94-P94-Q94-R94-S94-T94 -> #REF!
A95: 2320 | B95: INSUMOS TEXTILES ADQUIRIDOS COMO MATERIA PRIMA | E95: 0 | M95: =SUM(O95:V95) -> #REF! | N95: 2320 | O95: =+#REF! -> #REF! | P95: =+#REF! -> #REF! | Q95: =+#REF! -> #REF! | R95: =+#REF! -> #REF! | S95: =+#REF! -> #REF! | T95: =+#REF! -> #REF! | V95: =+#REF! -> #REF! | X95: =+O95-P95-Q95-R95-S95-T95 -> #REF!
A96: 2321 | B96: INSUMOS TEXTILES ADQUIRIDOS COMO MATERIA PRIMA | C96: 0 | E96: 0 | M96: =SUM(O96:V96) -> #REF! | N96: 2321 | O96: =+#REF! -> #REF! | P96: =+#REF! -> #REF! | Q96: =+#REF! -> #REF! | R96: =+#REF! -> #REF! | S96: =+#REF! -> #REF! | T96: =+#REF! -> #REF! | V96: =+#REF! -> #REF! | X96: =+O96-P96-Q96-R96-S96-T96 -> #REF!
A97: 2330 | B97: PRODUCTOS DE PAPEL, CARTÓN E IMPRESOS ADQUIRIDOS COMO MATERIA PRIMA | E97: 0 | M97: =SUM(O97:V97) -> #REF! | N97: 2330 | O97: =+#REF! -> #REF! | P97: =+#REF! -> #REF! | Q97: =+#REF! -> #REF! | R97: =+#REF! -> #REF! | S97: =+#REF! -> #REF! | T97: =+#REF! -> #REF! | V97: =+#REF! -> #REF! | X97: =+O97-P97-Q97-R97-S97-T97 -> #REF!
A98: 2331 | B98: PRODUCTOS DE PAPEL, CARTÓN E IMPRESOS ADQUIRIDOS COMO MATERIA PRIMA | C98: 0 | E98: 0 | M98: =SUM(O98:V98) -> #REF! | N98: 2331 | O98: =+#REF! -> #REF! | P98: =+#REF! -> #REF! | Q98: =+#REF! -> #REF! | R98: =+#REF! -> #REF! | S98: =+#REF! -> #REF! | T98: =+#REF! -> #REF! | V98: =+#REF! -> #REF! | X98: =+O98-P98-Q98-R98-S98-T98 -> #REF!
A99: 2340 | B99: COMBUSTIBLES, LUBRICANTES, ADITIVOS, CARBÓN Y SUS DERIVADOS ADQUIRIDOS COMO MATERIA PRIMA | E99: 0 | M99: =SUM(O99:V99) -> #REF! | N99: 2340 | O99: =+#REF! -> #REF! | P99: =+#REF! -> #REF! | Q99: =+#REF! -> #REF! | R99: =+#REF! -> #REF! | S99: =+#REF! -> #REF! | T99: =+#REF! -> #REF! | V99: =+#REF! -> #REF! | X99: =+O99-P99-Q99-R99-S99-T99 -> #REF!
A100: 2341 | B100: COMBUSTIBLES, LUBRICANTES, ADITIVOS, CARBÓN Y SUS DERIVADOS ADQUIRIDOS COMO MATERIA PRIMA | C100: 0 | E100: 0 | M100: =SUM(O100:V100) -> #REF! | N100: 2341 | O100: =+#REF! -> #REF! | P100: =+#REF! -> #REF! | Q100: =+#REF! -> #REF! | R100: =+#REF! -> #REF! | S100: =+#REF! -> #REF! | T100: =+#REF! -> #REF! | V100: =+#REF! -> #REF! | X100: =+O100-P100-Q100-R100-S100-T100 -> #REF!
A101: 2350 | B101: PRODUCTOS QUÍMICOS, FARMACÉUTICOS Y DE LABORATORIO ADQUIRIDOS COMO MATERIA PRIMA | E101: 0 | M101: =SUM(O101:V101) -> #REF! | N101: 2350 | O101: =+#REF! -> #REF! | P101: =+#REF! -> #REF! | Q101: =+#REF! -> #REF! | R101: =+#REF! -> #REF! | S101: =+#REF! -> #REF! | T101: =+#REF! -> #REF! | V101: =+#REF! -> #REF! | X101: =+O101-P101-Q101-R101-S101-T101 -> #REF!
...

Sheet PREGUNTAS
A1: Preguntas / apartados | B1: Consideraciones
A2: ¿Qué es la Ley de Ingresos y cuál es su importancia? | B2: La ley de ingresos es aquella que establece anualmente los ingresos del gobierno municipal que deberan recaudarse por concepto de impuestos, derechos, productos, aprovechamientos y todas las diversas formas con las que el gobierno se hace de recursos para cumplir con sus funciones.
A3: ¿De dónde obtienen los gobiernos sus ingresos? | B3: Fuente de los ingresos para financiar los gastos: impuestos, derechos, préstamos, etc.
A4: ¿Qué es el Presupuesto de Egresos y cuál es su importancia? | B4: Son las erogaciones programadas del gasto de los recursos recaudados por medio de impuestos, derechos y aprovechamientos y que se distribuye en la administracion municipal con la finalidad de mejorar el desempeño de las funciones publicas..
A5: ¿En qué se gasta? | B5: En hacer frente a las obligaciones adquiridas por parte del municipio, en gasto de inversión y corriente, y objeto del gasto.
A6: ¿Para qué se gasta? | B6: Para mejorar las condiciones economicas y social del municipio.
A7: ¿Qué pueden hacer los ciudadanos? | B7: Los ciudadanos pueden acceder a la información referente a la Ley de Ingresos y el Presupuesto de Egresos dentro de los portales de la Secretaría de Finanzas, Contraloría, Periódico Oficial del Estado.

Sheet IMPORTES
A1: Total | B1: =SUM(B2:B9) -> 85039059
A2: Impuestos | B2: =PI!F7 -> 1240000
A3: Cuotas y Aportaciones de seguridad social | B3: 0
A4: Contribuciones de mejoras | B4: 0
A5: Derechos | B5: =PI!F27 -> 620000
A6: Productos | B6: =PI!F58 -> 25000
A7: Aprovechamientos | B7: =PI!F69 -> 500000
A8: Ingresos por ventas de bienes y servicios | B8: 0
A9: Participaciones y Aportaciones | B9: =PI!F101 -> 82654059
A10: Transferencias, Asignaciones, Subsidios y Otras Ayudas | B10: 0
A11: ¿En qué se gasta? | B11: Importe
A13: Total | B13: =SUM(B14:B20) -> 85039059
A14: Servicios Personales | B14: =PE!D6 -> 19735610
A15: Materiales y Suministros | B15: =PE!D64 -> 4494065.4
A16: Servicios Generales | B16: =PE!D187 -> 12940700
A17: Transferencias, Asignaciones, Subsidios y Otras Ayudas | B17: =PE!D358 -> 2525000
A18: Bienes Muebles, Inmuebles e Intangibles | B18: =PE!D387 -> 2021000
A19: Inversión Pública | B19: =PE!D481 -> 42054059
A20: Inversiones Financieras y Otras Provisiones | B20: =PE!D543 -> 1268624.6
A21: Participaciones y Aportaciones
A22: Deuda Pública

Sheet PE RUBROS
B1: H. AYUNTAMIENTO DE HUEHUETLAN, S.L.P.
B2: PRESUPUESTO DE EGRESOS PARA EL EJERCICIO FISCAL 2018
B3: CLASIFICADOR POR OBJETO DEL GASTO
B5: (CIFRAS EN PESOS)
A6: COG | B6: Rubro | C6: Importe | D6: %
A7: 1000 | B7: SERVICIOS PERSONALES | C7: =SUM(C8:C14) -> 19735610 | D7: =+C7/$C$76*100 -> 23.2077
A8: 1100 | B8: REMUNERACIONES AL PERSONAL DE CARÁCTER PERMANENTE | C8: =+PE!C7 -> 14317000 | D8: =+C8/$C$76*100 -> 16.835793
A9: 1200 | B9: REMUNERACIONES AL PERSONAL DE CARÁCTER TRANSITORIO | C9: =+PE!C13 -> 702900 | D9: =+C9/$C$76*100 -> 0.82656136
A10: 1300 | B10: REMUNERACIONES ADICIONALES Y ESPECIALES | C10: =+PE!C23 -> 2115710 | D10: =+C10/$C$76*100 -> 2.4879273
A11: 1400 | B11: SEGURIDAD SOCIAL | D11: =+C11/$C$76*100 -> 0
A12: 1500 | B12: OTRAS PRESTACIONES SOCIALES Y ECONOMICAS | C12: =+PE!C40 -> 2600000 | D12: =+C12/$C$76*100 -> 3.0574186
A13: 1600 | B13: PREVISIONES | C13: =+PE!D57 -> 0 | D13: =+C13/$C$76*100 -> 0
A14: 1700 | B14: PAGO DE ESTÍMULOS A SERVIDORES PÚBLICOS | C14: =+PE!D61 -> 0 | D14: =+C14/$C$76*100 -> 0
A15: 2000 | B15: MATERIALES Y SUMINISTROS | C15: =SUM(C16:C24) -> 4494065.4 | D15: =+C15/$C$76*100 -> 5.2847073
A16: 2100 | B16: MATERIALES DE ADMINISTRACIÓN, EMISIÓN DE DOCUMENTOS Y ARTÍCULOS OFICIALES | C16: =+PE!C65 -> 618065.4 | D16: =+C16/$C$76*100 -> 0.72680179
A17: 2200 | B17: ALIMENTOS Y UTENSILIOS | C17: =+PE!C82 -> 150000 | D17: =+C17/$C$76*100 -> 0.17638953
A18: 2300 | B18: MATERIAS PRIMAS Y MATERIALES DE PRODUCCIÓN Y COMERCIALIZACIÓN | C18: =+PE!C92 -> 0 | D18: =+C18/$C$76*100 -> 0
A19: 2400 | B19: MATERIALES Y ARTÍCULOS DE CONSTRUCCIÓN Y DE REPARACIÓN | C19: =+PE!C109 -> 870000 | D19: =+C19/$C$76*100 -> 1.0230593
A20: 2500 | B20: PRODUCTOS QUÍMICOS, FARMACÉUTICOS Y DE LABORATORIO | C20: =+PE!C128 -> 260000 | D20: =+C20/$C$76*100 -> 0.30574186
A21: 2600 | B21: COMBUSTIBLES, LUBRICANTES Y ADITIVOS | C21: =+PE!C144 -> 845000 | D21: =+C21/$C$76*100 -> 0.99366104
A22: 2700 | B22: VESTUARIO, BLANCOS, PRENDAS DE PROTECCIÓN Y ARTÍCULOS DEPORTIVOS | C22: =+PE!C150 -> 388000 | D22: =+C22/$C$76*100 -> 0.45626093
A23: 2800 | B23: MATERIALES Y SUMINISTROS PARA SEGURIDAD | C23: =+PE!C161 -> 300000 | D23: =+C23/$C$76*100 -> 0.35277907
A24: 2900 | B24: HERRAMIENTAS, REFACCIONES Y ACCESORIOS MENORES | C24: =+PE!C168 -> 1063000 | D24: =+C24/$C$76*100 -> 1.2500138
A25: 3000 | B25: SERVICIOS GENERALES | C25: =SUM(C26:C34) -> 12940700 | D25: =+C25/$C$76*100 -> 15.21736
A26: 3100 | B26: SERVICIOS BÁSICOS | C26: =+PE!C188 -> 5664000 | D26: =+C26/$C$76*100 -> 6.6604688
A27: 3200 | B27: SERVICIOS DE ARRENDAMIENTO | C27: =+PE!C210 -> 293000 | D27: =+C27/$C$76*100 -> 0.34454756
A28: 3300 | B28: SERVICIOS PROFESIONALES, CIENTÍFICOS, TÉCNICOS Y OTROS SERVICIOS | C28: =+PE!C229 -> 1074000 | D28: =+C28/$C$76*100 -> 1.2629491
A29: 3400 | B29: SERVICIOS FINANCIEROS, BANCARIOS Y COMERCIALES | C29: =+PE!C251 -> 116500 | D29: =+C29/$C$76*100 -> 0.13699587
A30: 3500 | B30: SERVICIOS DE INSTALACIÓN, REPARACIÓN, MANTENIMIENTO Y CONSERVACIÓN | C30: =+PE!C270 -> 754900 | D30: =+C30/$C$76*100 -> 0.88770973
A31: 3600 | B31: SERVICIOS DE COMUNICACIÓN SOCIAL Y PUBLICIDAD | C31: =+PE!C289 -> 0 | D31: =+C31/$C$76*100 -> 0
A32: 3700 | B32: SERVICIOS DE TRASLADO Y VIÁTICOS | C32: =+PE!C306 -> 1020000 | D32: =+C32/$C$76*100 -> 1.1994488
A33: 3800 | B33: SERVICIOS OFICIALES | C33: =+PE!C326 -> 2459000 | D33: =+C33/$C$76*100 -> 2.8916124
A34: 3900 | B34: OTROS SERVICIOS GENERALES | C34: =+PE!C340 -> 1559300 | D34: =+C34/$C$76*100 -> 1.833628
A35: 4000 | B35: TRANSFERENCIAS, ASIGNACIONES, SUBSIDIOS Y OTRAS AYUDAS | C35: =SUM(C36:C42) -> 2525000 | D35: =+C35/$C$76*100 -> 2.9692238
A36: 4100 | B36: TRANSFERENCIAS INTERNAS Y ASIGNACIONES AL SECTOR PUBLICO | C36: =+PE!D1 -> 0 | D36: =+C36/$C$76*100 -> 0
A37: 4200 | B37: TRANSFERENCIAS AL RESTO DEL SECTOR PÚBLICO | C37: =+PE!C359 -> 0 | D37: =+C37/$C$76*100 -> 0
A38: 4300 | B38: SUBSIDIOS Y SUBVENCIONES | D38: =+C38/$C$76*100 -> 0
A39: 4400 | B39: AYUDAS SOCIALES | C39: =+PE!C365 -> 2040000 | D39: =+C39/$C$76*100 -> 2.3988977
A40: 4500 | B40: PENSIONES Y JUBILACIONES | C40: =+PE!C382 -> 485000 | D40: =+C40/$C$76*100 -> 0.57032616
A41: 4600 | B41: TRANSFERENCIAS A FIDEICOMISOS, MANDATOS Y OTROS ANÁLOGOS | D41: =+C41/$C$76*100 -> 0
A42: 4900 | B42: TRANSFERENCIAS AL EXTERIOR | D42: =+C42/$C$76*100 -> 0
A43: 5000 | B43: BIENES MUEBLES, INMUEBLES E INTANGIBLES | C43: =SUM(C44:C52) -> 2021000 | D43: =+C43/$C$76*100 -> 2.376555
A44: 5100 | B44: MOBILIARIO Y EQUIPO DE ADMINISTRACIÓN | C44: =+PE!C388 -> 781000 | D44: =+C44/$C$76*100 -> 0.91840151
A45: 5200 | B45: MOBILIARIO Y EQUIPO EDUCACIONAL Y RECREATIVO | C45: =+PE!C401 -> 400000 | D45: =+C45/$C$76*100 -> 0.47037209
A46: 5300 | B46: EQUIPO E INSTRUMENTAL MÉDICO Y DE LABORATORIO | C46: =+PE!C410 -> 0 | D46: =+C46/$C$76*100 -> 0
A47: 5400 | B47: VEHÍCULOS Y EQUIPO DE TRANSPORTE | C47: =+PE!C415 -> 460000 | D47: =+C47/$C$76*100 -> 0.5409279
A48: 5500 | B48: EQUIPO DE DEFENSA Y SEGURIDAD | C48: =+PE!C428 -> 0 | D48: =+C48/$C$76*100 -> 0
A49: 5600 | B49: MAQUINARIA, OTROS EQUIPOS Y HERRAMIENTAS | C49: =+PE!C431 -> 300000 | D49: =+C49/$C$76*100 -> 0.35277907
A50: 5700 | B50: ACTIVOS BIOLÓGICOS | C50: =+PE!C448 -> 0 | D50: =+C50/$C$76*100 -> 0
A51: 5800 | B51: BIENES INMUEBLES | C51: =+PE!C467 -> 0 | D51: =+C51/$C$76*100 -> 0
A52: 5900 | B52: ACTIVOS INTANGIBLES | C52: =+PE!C476 -> 80000 | D52: =+C52/$C$76*100 -> 0.094074418
A53: 6000 | B53: INVERSIÓN PÚBLICA | C53: =SUM(C54:C56) -> 42054059 | D53: =+C53/$C$76*100 -> 49.452639
A54: 6100 | B54: OBRA PÚBLICA EN BIENES DE DOMINIO PÚBLICO | C54: =+PE!C482 -> 42054059 | D54: =+C54/$C$76*100 -> 49.452639
A55: 6200 | B55: OBRA PÚBLICA EN BIENES PROPIOS | C55: =+PE!C506 -> 0 | D55: =+C55/$C$76*100 -> 0
A56: 6300 | B56: PROYECTOS PRODUCTIVOS Y ACCIONES DE FOMENTO | C56: =+PE!C530 -> 0 | D56: =+C56/$C$76*100 -> 0
A57: 7000 | B57: INVERSIONES FINANCIERAS Y OTRAS PROVISIONES | C57: =SUM(C58:C64) -> 0 | D57: =+C57/$C$76*100 -> 0
A58: 7100 | B58: INVERSIONES PARA EL FOMENTO DE ACTIVIDADES PRODUCTIVAS | D58: =+C58/$C$76*100 -> 0
A59: 7200 | B59: ACCIONES Y PARTICIPACIONES DE CAPITAL | D59: =+C59/$C$76*100 -> 0
A60: 7300 | B60: COMPRA DE TÍTULOS Y VALORES | D60: =+C60/$C$76*100 -> 0
A61: 7400 | B61: CONCESIÓN DE PRÉSTAMOS | D61: =+C61/$C$76*100 -> 0
A62: 7500 | B62: INVERSIONES EN FIDEICOMISOS, MANDATOS Y OTROS ANÁLOGOS | D62: =+C62/$C$76*100 -> 0
A63: 7600 | B63: OTRAS INVERSIONES FINANCIERAS | D63: =+C63/$C$76*100 -> 0
A64: 7900 | B64: PROVISIONES PARA CONTINGENCIAS Y OTRAS EROGACIONES ESPECIALES | D64: =+C64/$C$76*100 -> 0
A65: 8000 | B65: PARTICIPACIONES Y APORTACIONES | C65: =SUM(C66:C68) -> 0 | D65: =+C65/$C$76*100 -> 0
A66: 8100 | B66: PARTICIPACIONES | D66: =+C66/$C$76*100 -> 0
A67: 8300 | B67: APORTACIONES | D67: =+C67/$C$76*100 -> 0
A68: 8500 | B68: CONVENIOS | D68: =+C68/$C$76*100 -> 0
A69: 9000 | B69: DEUDA PÚBLICA | C69: =SUM(C70:C75) -> 1268624.6 | D69: =+C69/$C$76*100 -> 1.491814
A70: 9100 | B70: AMORTIZACIÓN DE LA DEUDA PÚBLICA | C70: =+PE!C544 -> 0 | D70: =+C70/$C$76*100 -> 0
A71: 9200 | B71: INTERESES DE LA DEUDA PÚBLICA | C71: =+PE!C547 -> 0 | D71: =+C71/$C$76*100 -> 0
A72: 9300 | B72: COMISIONES DE LA DEUDA PÚBLICA | C72: =+PE!C550 -> 0 | D72: =+C72/$C$76*100 -> 0
A73: 9400 | B73: GASTOS DE LA DEUDA PÚBLICA | C73: =+PE!C553 -> 0 | D73: =+C73/$C$76*100 -> 0
A74: 9500 | B74: COSTO POR COBERTURAS | D74: =+C74/$C$76*100 -> 0
A75: 9900 | B75: ADEUDOS DE EJERCICIOS FISCALES ANTERIORES (ADEFAS) | C75: =+PE!C556 -> 1268624.6 | D75: =+C75/$C$76*100 -> 1.491814
B76: TOTAL | C76: =+C69+C65+C57+C53+C43+C35+C25+C15+C7 -> 85039059 | D76: 100
B79: XXXX, S.L.P. AL XX DE DICIEMBRE DEL 2XXX
B81: PRESIDENTE MUNICIPAL
B82: (RÚBRICA)
B85: COMISIÓN DE HACIENDA
B86: (RÚBRICA)
B89: TESORERO MUNICIPAL
B90: (RÚBRICA)

Sheet CLA_FuenteFin
B1: H. AYUNTAMIENTO DE HUEHUETLAN S.L.P.
B2: PRESUPUESTO DE EGRESOS PARA EL EJERCICIO FISCAL 2018
B3: FUENTE DE FINANCIAMIENTO
B5: (CIFRAS EN PESOS)
A6: TG | B6: TIPO DE GASTO | C6: Importe | D6: %
A8: 1 | B8: NO ETIQUETADOS
A9: 11 | B9: Recursos Fiscales | C9: 24600000 | D9: =+C9/$C$21*100 -> 28.927884 | F9: 11 | G9: =SUMIF($I$9:$I$29,F9,$L$9:$L$29) -> 0 | I9: =+#REF! -> #REF! | J9: =+#REF! -> #REF! | L9: =+#REF! -> #REF!
A10: 12 | B10: Financiamientos internos | C10: =+G10 -> 0 | D10: =+C10/$C$21*100 -> 0 | F10: 12 | G10: =SUMIF($I$9:$I$29,F10,$L$9:$L$29) -> 0 | I10: =+#REF! -> #REF! | J10: =+#REF! -> #REF! | L10: =+#REF! -> #REF!
A11: 13 | B11: Financiamientos externos | C11: =+G11 -> 0 | D11: =+C11/$C$21*100 -> 0 | F11: 13 | G11: =SUMIF($I$9:$I$29,F11,$L$9:$L$29) -> 0 | I11: =+#REF! -> #REF! | J11: =+#REF! -> #REF! | L11: =+#REF! -> #REF!
A12: 14 | B12: Ingresos propios | C12: 2385000 | D12: =+C12/$C$21*100 -> 2.8045936 | F12: 14 | G12: =SUMIF($I$9:$I$29,F12,$L$9:$L$29) -> 0 | I12: =+#REF! -> #REF! | J12: =+#REF! -> #REF! | L12: =+#REF! -> #REF!
A13: 15 | B13: Recursos Federales | C13: =+G13 -> 0 | D13: =+C13/$C$21*100 -> 0 | F13: 15 | G13: =SUMIF($I$9:$I$29,F13,$L$9:$L$29) -> 0 | I13: =+#REF! -> #REF! | J13: =+#REF! -> #REF! | L13: =+#REF! -> #REF!
A14: 16 | B14: Recursos Estatales | C14: =+G14 -> 0 | D14: =+C14/$C$21*100 -> 0 | F14: 16 | G14: =SUMIF($I$9:$I$29,F14,$L$9:$L$29) -> 0 | I14: =+#REF! -> #REF! | J14: =+#REF! -> #REF! | L14: =+#REF! -> #REF!
A15: 17 | B15: Otros recursos de libre disposcicón | C15: =+G15 -> 0 | D15: =+C15/$C$21*100 -> 0 | F15: 17 | G15: =SUMIF($I$9:$I$29,F15,$L$9:$L$29) -> 0 | I15: =+#REF! -> #REF! | J15: =+#REF! -> #REF! | L15: =+#REF! -> #REF!
F16: 25 | G16: =SUMIF($I$9:$I$29,F16,$L$9:$L$29) -> 0 | I16: =+#REF! -> #REF! | J16: =+#REF! -> #REF! | L16: =+#REF! -> #REF!
A17: 2 | B17: ETIQUETADOS | F17: 26 | G17: =SUMIF($I$9:$I$29,F17,$L$9:$L$29) -> 0 | I17: =+#REF! -> #REF! | J17: =+#REF! -> #REF! | L17: =+#REF! -> #REF!
A18: 25 | B18: Recursos Federales | C18: 0 | D18: =+C18/$C$21*100 -> 0 | F18: 27 | G18: =SUMIF($I$9:$I$29,F18,$L$9:$L$29) -> 0 | I18: =+#REF! -> #REF! | J18: =+#REF! -> #REF! | L18: =+#REF! -> #REF!
A19: 26 | B19: Recursos Estatales | C19: 52054059 | D19: =+C19/$C$21*100 -> 61.211941 | I19: =+#REF! -> #REF! | J19: =+#REF! -> #REF! | L19: =+#REF! -> #REF!
A20: 27 | B20: Otros recursos | C20: 6000000 | D20: =+C20/$C$21*100 -> 7.0555814 | I20: =+#REF! -> #REF! | J20: =+#REF! -> #REF! | L20: =+#REF! -> #REF!
B21: TOTAL | C21: =SUM(C8:C20) -> 85039059 | D21: 100 | I21: =+#REF! -> #REF! | J21: =+#REF! -> #REF! | L21: =+#REF! -> #REF!
I22: =+#REF! -> #REF! | J22: =+#REF! -> #REF! | L22: =+#REF! -> #REF!
I23: =+#REF! -> #REF! | J23: =+#REF! -> #REF! | L23: =+#REF! -> #REF!
B24: XXXX, S.L.P. AL XX DE DICIEMBRE DEL 2XXX | I24: =+#REF! -> #REF! | J24: =+#REF! -> #REF! | L24: =+#REF! -> #REF!
I25: =+#REF! -> #REF! | J25: =+#REF! -> #REF! | L25: =+#REF! -> #REF!
B26: PRESIDENTE MUNICIPAL | I26: =+#REF! -> #REF! | J26: =+#REF! -> #REF! | L26: =+#REF! -> #REF!
B27: (RÚBRICA) | I27: =+#REF! -> #REF! | J27: =+#REF! -> #REF! | L27: =+#REF! -> #REF!
I28: =+#REF! -> #REF! | J28: =+#REF! -> #REF! | L28: =+#REF! -> #REF!
I29: =+#REF! -> #REF! | J29: =+#REF! -> #REF! | L29: =+#REF! -> #REF!
B30: COMISIÓN DE HACIENDA
B31: (RÚBRICA)
B34: TESORERO MUNICIPAL
B35: (RÚBRICA)

Sheet CLA_TG
B1: H. AYUNTAMIENTO DE HUEHUETLAN, S.L.P.
B2: PRESUPUESTO DE EGRESOS PARA EL EJERCICIO FISCAL 2018
B3: CLASIFICADOR POR TIPO DE GASTO
B5: (CIFRAS EN PESOS)
A6: TG | B6: TIPO DE GASTO | C6: Importe | D6: %
A7: 1 | B7: Gasto Corriente | C7: =+PE!D6+PE!D64+PE!D187+PE!D358-C10 -> 39210375 | D7: =+C7/$C$12*100 -> 46.108666
A8: 2 | B8: Gasto de Capital | C8: =+PE!D387+PE!D481 -> 44075059 | D8: =+C8/$C$12*100 -> 51.829194
A9: 3 | B9: Amortización de la Deuda y Disminución de Pasivos | C9: =+PE!D543 -> 1268624.6 | D9: =+C9/$C$12*100 -> 1.491814
A10: 4 | B10: Pensiones y Jubilaciones | C10: =+PE!C382 -> 485000 | D10: =+C10/$C$12*100 -> 0.57032616
A11: 5 | B11: Participaciones | C11: 0 | D11: =+C11/$C$12*100 -> 0
B12: TOTAL | C12: =SUM(C7:C11) -> 85039059 | D12: 100
B15: XXXX, S.L.P. AL XX DE DICIEMBRE DEL 2XXX
B17: PRESIDENTE MUNICIPAL
B18: (RÚBRICA)
B21: COMISIÓN DE HACIENDA
B22: (RÚBRICA)
B25: TESORERO MUNICIPAL
B26: (RÚBRICA)

Sheet CLA_ECO
B1: H. AYUNTAMIENTO DE HUEHUETLAN , S.L.P.
B2: PRESUPUESTO DE EGRESOS PARA EL EJERCICIO FISCAL 2018
B3: CLASIFICADOR ECONÓMICO
B5: (CIFRAS EN PESOS)
A6: No. | B6: Categorías | C6: Parcial | D6: Monto
A7: 1 | B7: Ingresos
A8: 1.1 | B8: Total Ingresos Corrientes | D8: =SUM(C9:C17) -> 85039059
A9: 1.1.1 | B9: Impuestos | C9: =+PI!F7 -> 1240000
A10: 1.1.2 | B10: Contribuciones a la Seguridad Social
A11: 1.1.3 | B11: Contribuciones de Mejoras | C11: =+PI!F23 -> 0
A12: 1.1.4 | B12: Derechos, Productos y Aprovechamientos Corrientes | C12: =+PI!F27 -> 620000
A13: 1.1.5 | B13: Rentas de la Propiedad
A14: 1.1.6 | B14: Venta de Bienes y Servicios de Entidades del Gobierno Federal/ Ingresos de Explotación de Entidades Empresariales
A15: 1.1.7 | B15: Subsidios y Subvenciones Recibidos por las Entidades Empresariales Públicas
A16: 1.1.8 | B16: Transferencias, Asignaciones y Donativos Corrientes Recibidos | C16: =+PI!F58+PI!F69 -> 525000
A17: 1.1.9 | B17: Participaciones | C17: =+PI!F101 -> 82654059
A18: 1.2 | B18: Total Ingresos de Capital | D18: =SUM(C19:C26) -> 0
A19: 1.2.1 | B19: Venta (Disposición) de Activos
A20: 1.2.1.1 | B20: Venta de Activos Fijos
A21: 1.2.1.2 | B21: Venta de Objetos de Valor
A22: 1.2.1.3 | B22: Venta de Activos No Producidos
A23: 1.2.2 | B23: Disminución de Existencias
A24: 1.2.3 | B24: Incremento de la depreciación, amortización, estimaciones y provisiones acumuladas
A25: 1.2.4 | B25: Transferencias, asignaciones y donativos de capital recibidos
A26: 1.2.5 | B26: Recuperación de inversiones financieras realizadas con fines de política
B27: Total de Ingresos | D27: =SUM(D8:D26) -> 85039059
A29: 2 | B29: Gasto
A30: 2.1 | B30: Total Gastos Corrientes | D30: =SUM(C31:C46) -> 42985000
A31: 2.1.1 | B31: Gastos de consumo de los entes del Gobierno General/ Gastos de Explotación de las entidades empresariales | C31: =+D27-C32-C33-C43-C48 -> 18703390
A32: 2.1.1.1 | B32: Remuneraciones | C32: =+PE!D6 -> 19735610
A33: 2.1.1.2 | B33: Compra de bienes y servicios | C33: =+PE!D387 -> 2021000
A34: 2.1.1.3 | B34: Variación de Existencias (Disminución (+) Incremento (-))
A35: 2.1.1.4 | B35: Depreciación y amortización (Consumo de Capital Fijo)
A36: 2.1.1.5 | B36: Estimaciones por Deterioro de Inventarios
A37: 2.1.1.6 | B37: Impuestos sobre los productos, la producción y las importaciones de las entidades empresariales
A38: 2.1.2 | B38: Prestaciones de la Seguridad Social
A39: 2.1.3 | B39: Gastos de la propiedad
A40: 2.1.3.1 | B40: Intereses
A41: 2.1.3.2 | B41: Gastos de la Propiedad Distintos de Intereses
A42: 2.1.4 | B42: Subsidios y Subvenciones a Empresas
A43: 2.1.5 | B43: Transferencias, asignaciones y donativos corrientes otorgados | C43: =+PE!D358 -> 2525000
A44: 2.1.6 | B44: Impuestos sobre los ingresos, la riqueza y otros a las entidades empresariales públicas
A45: 2.1.7 | B45: Participaciones
A46: 2.1.8 | B46: Provisiones y Otras Estimaciones
A47: 2.2 | B47: Total Gastos de Capital | D47: =SUM(C48:C54) -> 42054059
A48: 2.2.1 | B48: Construcciones en Proceso | C48: =+PE!D481 -> 42054059
A49: 2.2.2 | B49: Activos Fijos (Formación bruta de capital fijo)
A50: 2.2.3 | B50: Incremento de existencias
A51: 2.2.4 | B51: Objetos de valor
A52: 2.2.5 | B52: Activos no producidos
A53: 2.2.6 | B53: Transferencias, asignaciones y donativos de capital otorgados
A54: 2.2.7 | B54: Inversiones financieras realizadas con fines de política económica
B55: Total del Gasto | D55: =+D47+D30 -> 85039059
A57: 3 | B57: Financiamiento
A58: 3.1 | B58: Total Fuentes Financieras | D58: =SUM(C59:C61) -> 0
A59: 3.1.1 | B59: Disminución de activos financieros
A60: 3.1.2 | B60: Incremento de pasivos
A61: 3.1.3 | B61: Incremento del patrimonio
A62: 3.2 | B62: Total Aplicaciones Financieras (usos) | D62: =SUM(C63:C65) -> 0
A63: 3.2.1 | B63: Incremento de activos financieros
A64: 3.2.2 | B64: Disminución de pasivos
A65: 3.2.3 | B65: Disminución de Patrimonio
B66: Total Financiamiento | D66: =+D62+D58 -> 0

Sheet CLA_FUN
B1: H. AYUNTAMIENTO DE HUEHUETLAN, S.L.P.
B2: PRESUPUESTO DE EGRESOS PARA EL EJERCICIO FISCAL 2018
B3: CLASIFICADOR FUNCIONAL DEL GASTO
B5: (CIFRAS EN PESOS)
A6: CFN | B6: Rubro/Cuenta | C6: Importe | D6: %
A7: 1 | B7: Gobierno | C7: =SUM(C8:C16) -> 12276934 | D7: =+C7/$C$40*100 -> 16.144183
A8: 1.1 | B8: Legislación | C8: =+L8 -> 0 | D8: =+C8/$C$40*100 -> 0
A9: 1.2 | B9: Justicia | C9: =+L9 -> 0 | D9: =+C9/$C$40*100 -> 0 | K9: 12 | L9: =SUMIF($N$9:$N$74,K9,$P$9:$P$74) -> 0 | N9: =MID(O9,1,2) -> #REF! | O9: =+#REF! -> #REF! | P9: =+#REF! -> #REF!
A10: 1.3 | B10: Coordinación de la Política de Gobierno | C10: 3500000 | D10: =+C10/$C$40*100 -> 4.6025041 | K10: 13 | L10: =SUMIF($N$9:$N$74,K10,$P$9:$P$74) -> 0 | N10: =MID(O10,1,2) -> #REF! | O10: =+#REF! -> #REF! | P10: =+#REF! -> #REF!
A11: 1.4 | B11: Relaciones Exteriores | C11: =+L11 -> 0 | D11: =+C11/$C$40*100 -> 0 | K11: 14 | L11: =SUMIF($N$9:$N$74,K11,$P$9:$P$74) -> 0 | N11: =MID(O11,1,2) -> #REF! | O11: =+#REF! -> #REF! | P11: =+#REF! -> #REF!
A12: 1.5 | B12: Asuntos Financieros y Hacendarios | C12: 3200000 | D12: =+C12/$C$40*100 -> 4.2080038 | K12: 15 | L12: =SUMIF($N$9:$N$74,K12,$P$9:$P$74) -> 0 | N12: =MID(O12,1,2) -> #REF! | O12: =+#REF! -> #REF! | P12: =+#REF! -> #REF!
A13: 1.6 | B13: Defensa | C13: =+L13 -> 0 | D13: =+C13/$C$40*100 -> 0 | K13: 16 | L13: =SUMIF($N$9:$N$74,K13,$P$9:$P$74) -> 0 | N13: =MID(O13,1,2) -> #REF! | O13: =+#REF! -> #REF! | P13: =+#REF! -> #REF!
A14: 1.7 | B14: Asuntos de Orden Público y de Seguridad | C14: 5576934.4 | D14: =+C14/$C$40*100 -> 7.3336753 | K14: 17 | L14: =SUMIF($N$9:$N$74,K14,$P$9:$P$74) -> 0 | N14: =MID(O14,1,2) -> #REF! | O14: =+#REF! -> #REF! | P14: =+#REF! -> #REF!
A15: 1.8 | B15: Investigación Fundamental (Básica) | C15: =+L15 -> 0 | D15: =+C15/$C$40*100 -> 0 | K15: 18 | L15: =SUMIF($N$9:$N$74,K15,$P$9:$P$74) -> 0 | N15: =MID(O15,1,2) -> #REF! | O15: =+#REF! -> #REF! | P15: =+#REF! -> #REF!
A16: 1.9 | B16: Otros Servicios Generales | C16: =+L16 -> 0 | D16: =+C16/$C$40*100 -> 0 | K16: 19 | L16: =SUMIF($N$9:$N$74,K16,$P$9:$P$74) -> 0 | N16: =MID(O16,1,2) -> #REF! | O16: =+#REF! -> #REF! | P16: =+#REF! -> #REF!
A17: 2 | B17: Desarrollo Social | C17: =SUM(C18:C24) -> 62500000 | D17: =+C17/$C$40*100 -> 82.187574 | K17: 20 | L17: =SUMIF($N$9:$N$74,K17,$P$9:$P$74) -> 0 | N17: =MID(O17,1,2) -> #REF! | O17: =+#REF! -> #REF! | P17: =+#REF! -> #REF!
A18: 2.1 | B18: Protección Ambiental | C18: =+L18 -> 0 | D18: =+C18/$C$40*100 -> 0 | K18: 21 | L18: =SUMIF($N$9:$N$74,K18,$P$9:$P$74) -> 0 | N18: =MID(O18,1,2) -> #REF! | O18: =+#REF! -> #REF! | P18: =+#REF! -> #REF!
A19: 2.2 | B19: Vivienda y Servicios a la Comunidad | C19: 35000000 | D19: =+C19/$C$40*100 -> 46.025041 | K19: 22 | L19: =SUMIF($N$9:$N$74,K19,$P$9:$P$74) -> 0 | N19: =MID(O19,1,2) -> #REF! | O19: =+#REF! -> #REF! | P19: =+#REF! -> #REF!
A20: 2.3 | B20: Salud | C20: 5900000 | D20: =+C20/$C$40*100 -> 7.758507 | K20: 23 | L20: =SUMIF($N$9:$N$74,K20,$P$9:$P$74) -> 0 | N20: =MID(O20,1,2) -> #REF! | O20: =+#REF! -> #REF! | P20: =+#REF! -> #REF!
A21: 2.4 | B21: Recreación, Cultura y Otras Manifestaciones Sociales | C21: 10300000 | D21: =+C21/$C$40*100 -> 13.544512 | K21: 24 | L21: =SUMIF($N$9:$N$74,K21,$P$9:$P$74) -> 0 | N21: =MID(O21,1,2) -> #REF! | O21: =+#REF! -> #REF! | P21: =+#REF! -> #REF!
A22: 2.5 | B22: Educación | C22: 7200000 | D22: =+C22/$C$40*100 -> 9.4680085 | K22: 25 | L22: =SUMIF($N$9:$N$74,K22,$P$9:$P$74) -> 0 | N22: =MID(O22,1,2) -> #REF! | O22: =+#REF! -> #REF! | P22: =+#REF! -> #REF!
A23: 2.6 | B23: Protección Social | C23: =+L23 -> 0 | D23: =+C23/$C$40*100 -> 0 | K23: 26 | L23: =SUMIF($N$9:$N$74,K23,$P$9:$P$74) -> 0 | N23: =MID(O23,1,2) -> #REF! | O23: =+#REF! -> #REF! | P23: =+#REF! -> #REF!
A24: 2.7 | B24: Otros Asuntos Sociales | C24: 4100000 | D24: =+C24/$C$40*100 -> 5.3915048 | K24: 27 | L24: =SUMIF($N$9:$N$74,K24,$P$9:$P$74) -> 0 | N24: =MID(O24,1,2) -> #REF! | O24: =+#REF! -> #REF! | P24: =+#REF! -> #REF!
A25: 3 | B25: Desarrollo Económico | C25: =SUM(C26:C34) -> 0 | D25: =+C25/$C$40*100 -> 0 | K25: 30 | L25: =SUMIF($N$9:$N$74,K25,$P$9:$P$74) -> 0 | N25: =MID(O25,1,2) -> #REF! | O25: =+#REF! -> #REF! | P25: =+#REF! -> #REF!
A26: 3.1 | B26: Asuntos Económicos, Comerciales y Laborales en General | C26: =+L26 -> 0 | D26: =+C26/$C$40*100 -> 0 | K26: 31 | L26: =SUMIF($N$9:$N$74,K26,$P$9:$P$74) -> 0 | N26: =MID(O26,1,2) -> #REF! | O26: =+#REF! -> #REF! | P26: =+#REF! -> #REF!
A27: 3.2 | B27: Agropecuaria, Silvicultura, Pesca y Caza | C27: =+L27 -> 0 | D27: =+C27/$C$40*100 -> 0 | K27: 32 | L27: =SUMIF($N$9:$N$74,K27,$P$9:$P$74) -> 0 | N27: =MID(O27,1,2) -> #REF! | O27: =+#REF! -> #REF! | P27: =+#REF! -> #REF!
A28: 3.3 | B28: Combustibles y Energía | C28: =+L28 -> 0 | D28: =+C28/$C$40*100 -> 0 | K28: 33 | L28: =SUMIF($N$9:$N$74,K28,$P$9:$P$74) -> 0 | N28: =MID(O28,1,2) -> #REF! | O28: =+#REF! -> #REF! | P28: =+#REF! -> #REF!
A29: 3.4 | B29: Minería, Manufacturas y Construcción | C29: =+L29 -> 0 | D29: =+C29/$C$40*100 -> 0 | K29: 34 | L29: =SUMIF($N$9:$N$74,K29,$P$9:$P$74) -> 0 | N29: =MID(O29,1,2) -> #REF! | O29: =+#REF! -> #REF! | P29: =+#REF! -> #REF!
A30: 3.5 | B30: Transporte | C30: =+L30 -> 0 | D30: =+C30/$C$40*100 -> 0 | K30: 35 | L30: =SUMIF($N$9:$N$74,K30,$P$9:$P$74) -> 0 | N30: =MID(O30,1,2) -> #REF! | O30: =+#REF! -> #REF! | P30: =+#REF! -> #REF!
A31: 3.6 | B31: Comunicaciones | C31: =+L31 -> 0 | D31: =+C31/$C$40*100 -> 0 | K31: 36 | L31: =SUMIF($N$9:$N$74,K31,$P$9:$P$74) -> 0 | N31: =MID(O31,1,2) -> #REF! | O31: =+#REF! -> #REF! | P31: =+#REF! -> #REF!
A32: 3.7 | B32: Turismo | C32: =+L32 -> 0 | D32: =+C32/$C$40*100 -> 0 | K32: 37 | L32: =SUMIF($N$9:$N$74,K32,$P$9:$P$74) -> 0 | N32: =MID(O32,1,2) -> #REF! | O32: =+#REF! -> #REF! | P32: =+#REF! -> #REF!
A33: 3.8 | B33: Investigación y Desarrollo relacionados con Asuntos Económicos | C33: =+L33 -> 0 | D33: =+C33/$C$40*100 -> 0 | K33: 38 | L33: =SUMIF($N$9:$N$74,K33,$P$9:$P$74) -> 0 | N33: =MID(O33,1,2) -> #REF! | O33: =+#REF! -> #REF! | P33: =+#REF! -> #REF!
A34: 3.9 | B34: Otras Industrias y Otros Asuntos Económicos | C34: =+L34 -> 0 | D34: =+C34/$C$40*100 -> 0 | K34: 39 | L34: =SUMIF($N$9:$N$74,K34,$P$9:$P$74) -> 0 | N34: =MID(O34,1,2) -> #REF! | O34: =+#REF! -> #REF! | P34: =+#REF! -> #REF!
A35: 4 | B35: Otras | C35: =SUM(C36:C39) -> 1268624.6 | D35: =+C35/$C$40*100 -> 1.6682428 | K35: 40 | L35: =SUMIF($N$9:$N$74,K35,$P$9:$P$74) -> 0 | N35: =MID(O35,1,2) -> #REF! | O35: =+#REF! -> #REF! | P35: =+#REF! -> #REF!
A36: 4.1 | B36: Transacciones de la Deuda Pública/Costo Financiero de la Deuda | C36: 0 | D36: =+C36/$C$40*100 -> 0 | K36: 41 | L36: =SUMIF($N$9:$N$74,K36,$P$9:$P$74) -> 0 | N36: =MID(O36,1,2) -> #REF! | O36: =+#REF! -> #REF! | P36: =+#REF! -> #REF!
A37: 4.2 | B37: Transferencias, Participaciones y Aportaciones entre diferentes Niveles y Órdenes de Gobierno | C37: =+L37 -> 0 | D37: =+C37/$C$40*100 -> 0 | K37: 42 | L37: =SUMIF($N$9:$N$74,K37,$P$9:$P$74) -> 0 | N37: =MID(O37,1,2) -> #REF! | O37: =+#REF! -> #REF! | P37: =+#REF! -> #REF!
A38: 4.3 | B38: Saneamiento del Sistema Financiero | C38: =+L38 -> 0 | D38: =+C38/$C$40*100 -> 0 | K38: 43 | L38: =SUMIF($N$9:$N$74,K38,$P$9:$P$74) -> 0 | N38: =MID(O38,1,2) -> #REF! | O38: =+#REF! -> #REF! | P38: =+#REF! -> #REF!
A39: 4.4 | B39: Adeudos de Ejercicios Fiscales Anteriores | C39: 1268624.6 | D39: =+C39/$C$40*100 -> 1.6682428 | G39: DIFERENCIA | K39: 44 | L39: =SUMIF($N$9:$N$74,K39,$P$9:$P$74) -> 0 | N39: =MID(O39,1,2) -> #REF! | O39: =+#REF! -> #REF! | P39: =+#REF! -> #REF!
B40: TOTAL | C40: =+C35+C25+C17+C7 -> 76045559 | D40: 100 | F40: 85039059 | G40: =C40-F40 -> -8993500 | N40: =MID(O40,1,2) -> #REF! | O40: =+#REF! -> #REF! | P40: =+#REF! -> #REF!
N41: =MID(O41,1,2) -> #REF! | O41: =+#REF! -> #REF! | P41: =+#REF! -> #REF!
N42: =MID(O42,1,2) -> #REF! | O42: =+#REF! -> #REF! | P42: =+#REF! -> #REF!
B43: XXXX, S.L.P. AL XX DE DICIEMBRE DEL 2XXX | N43: =MID(O43,1,2) -> #REF! | O43: =+#REF! -> #REF! | P43: =+#REF! -> #REF!
N44: =MID(O44,1,2) -> #REF! | O44: =+#REF! -> #REF! | P44: =+#REF! -> #REF!
B45: PRESIDENTE MUNICIPAL | N45: =MID(O45,1,2) -> #REF! | O45: =+#REF! -> #REF! | P45: =+#REF! -> #REF!
B46: (RÚBRICA) | N46: =MID(O46,1,2) -> #REF! | O46: =+#REF! -> #REF! | P46: =+#REF! -> #REF!
N47: =MID(O47,1,2) -> #REF! | O47: =+#REF! -> #REF! | P47: =+#REF! -> #REF!
N48: =MID(O48,1,2) -> #REF! | O48: =+#REF! -> #REF! | P48: =+#REF! -> #REF!
B49: COMISIÓN DE HACIENDA | N49: =MID(O49,1,2) -> #REF! | O49: =+#REF! -> #REF! | P49: =+#REF! -> #REF!
B50: (RÚBRICA) | N50: =MID(O50,1,2) -> #REF! | O50: =+#REF! -> #REF! | P50: =+#REF! -> #REF!
N51: =MID(O51,1,2) -> #REF! | O51: =+#REF! -> #REF! | P51: =+#REF! -> #REF!
N52: =MID(O52,1,2) -> #REF! | O52: =+#REF! -> #REF! | P52: =+#REF! -> #REF!
B53: TESORERO MUNICIPAL | N53: =MID(O53,1,2) -> #REF! | O53: =+#REF! -> #REF! | P53: =+#REF! -> #REF!
B54: (RÚBRICA) | N54: =MID(O54,1,2) -> #REF! | O54: =+#REF! -> #REF! | P54: =+#REF! -> #REF!
N55: =MID(O55,1,2) -> #REF! | O55: =+#REF! -> #REF! | P55: =+#REF! -> #REF!
N56: =MID(O56,1,2) -> #REF! | O56: =+#REF! -> #REF! | P56: =+#REF! -> #REF!
N57: =MID(O57,1,2) -> #REF! | O57: =+#REF! -> #REF! | P57: =+#REF! -> #REF!
N58: =MID(O58,1,2) -> #REF! | O58: =+#REF! -> #REF! | P58: =+#REF! -> #REF!
N59: =MID(O59,1,2) -> #REF! | O59: =+#REF! -> #REF! | P59: =+#REF! -> #REF!
N60: =MID(O60,1,2) -> #REF! | O60: =+#REF! -> #REF! | P60: =+#REF! -> #REF!
N61: =MID(O61,1,2) -> #REF! | O61: =+#REF! -> #REF! | P61: =+#REF! -> #REF!
N62: =MID(O62,1,2) -> #REF! | O62: =+#REF! -> #REF! | P62: =+#REF! -> #REF!
N63: =MID(O63,1,2) -> #REF! | O63: =+#REF! -> #REF! | P63: =+#REF! -> #REF!
N64: =MID(O64,1,2) -> #REF! | O64: =+#REF! -> #REF! | P64: =+#REF! -> #REF!
N65: =MID(O65,1,2) -> #REF! | O65: =+#REF! -> #REF! | P65: =+#REF! -> #REF!
N66: =MID(O66,1,2) -> #REF! | O66: =+#REF! -> #REF! | P66: =+#REF! -> #REF!
... N74: =MID(O74,1,2) -> #REF! | O74: =+#REF! -> #REF! | P74: =+#REF! -> #REF!

Sheet CLA_PROG
A1: H. AYUNTAMIENTO DE HUEHUETLAN, S.L.P.
A2: PRESUPUESTO DE EGRESOS PARA EL EJERCICIO FISCAL 2018
A3: CLASIFICACIÓN PROGRAMATICA
A5: (CIFRAS EN PESOS)
A6: Programas presupuestarios | B6: CP | C6: Importe | D6: %
A7: Subsidios: Sector Social y Privado | C7: =+C8+C9 -> 0 | D7: =+C7/$C$36*100 -> 0
A8: Sujetos a reglas de operación | B8: S | D8: =+C8/$C$36*100 -> 0
A9: Otros Subsidios | B9: U | D9: =+C9/$C$36*100 -> 0 | K9: =+#REF! -> #REF! | L9: =+#REF! -> #REF!
A10: Desempeño de las Funciones | C10: =SUM(C11:C18) -> 81590000 | D10: =+C10/$C$36*100 -> 95.944147 | K10: =+#REF! -> #REF! | L10: =+#REF! -> #REF!
A11: Prestación de Servicios Públicos | B11: E | C11: 81590000 | D11: =+C11/$C$36*100 -> 95.944147 | K11: =+#REF! -> #REF! | L11: =+#REF! -> #REF!
A12: Provisión de Bienes Públicos | B12: B | D12: =+C12/$C$36*100 -> 0 | K12: =+#REF! -> #REF! | L12: =+#REF! -> #REF!
A13: Planeación, seguimiento y evaluación de políticas públicas | B13: P | D13: =+C13/$C$36*100 -> 0 | K13: =+#REF! -> #REF! | L13: =+#REF! -> #REF!
A14: Promoción y fomento | B14: F | D14: =+C14/$C$36*100 -> 0 | K14: =+#REF! -> #REF! | L14: =+#REF! -> #REF!
A15: Regulación y supervisión | B15: G | D15: =+C15/$C$36*100 -> 0 | K15: =+#REF! -> #REF! | L15: =+#REF! -> #REF!
A16: Funciones de las Fuerzas Armadas (Únicamente Gobierno Federal) | B16: A | C16: No aplica | K16: =+#REF! -> #REF! | L16: =+#REF! -> #REF!
A17: Específicos | B17: R | D17: =+C17/$C$36*100 -> 0 | K17: =+#REF! -> #REF! | L17: =+#REF! -> #REF!
A18: Proyectos de Inversión | B18: K | D18: =+C18/$C$36*100 -> 0 | K18: =+#REF! -> #REF! | L18: =+#REF! -> #REF!
A19: Administrativos y de Apoyo | C19: =SUM(C20:C22) -> 0 | D19: =+C19/$C$36*100 -> 0 | K19: =+#REF! -> #REF! | L19: =+#REF! -> #REF!
A20: Apoyo al proceso presupuestario y para mejorar la eficiencia institucional | B20: M | D20: =+C20/$C$36*100 -> 0 | K20: =+#REF! -> #REF! | L20: =+#REF! -> #REF! | M20: =SUM(L9:L20) -> #REF!
A21: Apoyo a la función pública y al mejoramiento de la gestión | B21: O | D21: =+C21/$C$36*100 -> 0
A22: Operaciones ajenas | B22: W | D22: =+C22/$C$36*100 -> 0
A23: Compromisos | C23: =+C24+C25 -> 0 | D23: 0
A24: Obligaciones de cumplimiento de resolución jurisdiccional | B24: L | D24: =+C24/$C$36*100 -> 0 | K24: =+#REF! -> #REF! | L24: =+#REF! -> #REF!
A25: Desastres Naturales | B25: N | D25: =+C25/$C$36*100 -> 0 | K25: =+#REF! -> #REF! | L25: =+#REF! -> #REF!
A26: Obligaciones | C26: =SUM(C27:C30) -> 3449059 | D26: =+C26/$C$36*100 -> 4.0558527 | K26: =+#REF! -> #REF! | L26: =+#REF! -> #REF!
A27: Pensiones y jubilaciones | B27: J | C27: 3449059 | D27: =+C27/$C$36*100 -> 4.0558527
A28: Aportaciones a la seguridad social | B28: T | D28: =+C28/$C$36*100 -> 0
A29: Aportaciones a fondos de estabilización | B29: Y | D29: =+C29/$C$36*100 -> 0
A30: Aportaciones a fondos de inversión y reestructura de pensiones | B30: Z | D30: =+C30/$C$36*100 -> 0
A31: Programas de Gasto Federalizado (Gobierno Federal) | C31: No aplica
A32: Gasto Federalizado | B32: I | C32: No aplica
A33: Participaciones a entidades federativas y municipios | B33: C | C33: No aplica
A34: Costo financiero, deuda o apoyos a deudores y ahorradores de la banca | B34: D | D34: =+C34/$C$36*100 -> 0
A35: Adeudos de ejercicios fiscales anteriores | B35: H | C35: 0 | D35: =+C35/$C$36*100 -> 0 | G35: DIFERENCIA
A36: TOTAL | C36: =+C7+C10+C19+C23+C26+C34+C35 -> 85039059 | D36: 100 | F36: 85039059 | G36: =C36-F36 -> 0
A39: XXXX, S.L.P. AL XX DE DICIEMBRE DEL 2XXX
A41: PRESIDENTE MUNICIPAL
A42: (RÚBRICA)
A45: COMISIÓN DE HACIENDA
A46: (RÚBRICA)
A49: TESORERO MUNICIPAL
A50: (RÚBRICA)

Sheet CLA_ADM
B1: H. AYUNTAMIENTO DE HUEHUETLAN S.L.P.
B2: PRESUPUESTO DE EGRESOS PARA EL EJERCICIO FISCAL 2018
B3: CLASIFICACION ADMINISTRATIVA
B5: (CIFRAS EN PESOS)
A6: CA | B6: Rubro/Cuenta | C6: Importe | D6: %
A8: 3.0.0.0.0 | B8: Sector Público Municipal
A9: 3.1.0.0.0 | B9: Sector público no financiero
A10: 3.1.1.0.0 | B10: Sector público no financiero
A11: 3.1.1.1.0 | B11: Gobierno Municipal
A12: 3.1.1.1.1 | B12: Órgano Ejecutivo Municipal (Ayuntamiento) | C12: =+PE!D559 -> 85039059 | D12: 100
A13: 3.1.1.2.0 | B13: Entidades paraestatales y fideicomisos no empresariales y no financieros
B14: TOTAL | C14: =+C12 -> 85039059 | D14: 100
B17: XXXX, S.L.P. AL XX DE DICIEMBRE DEL 2XXX
B19: PRESIDENTE MUNICIPAL
B20: (RÚBRICA)
B23: COMISIÓN DE HACIENDA
B24: (RÚBRICA)
B27: TESORERO MUNICIPAL
B28: (RÚBRICA)
